Workbook
Name Saisissable: #REF!
Name Saisissable: #REF!
Name SALBRUT: Apprenti!#REF!
Name SALBRUT: Bulletin!#REF!
Name SALBRUT: CDD!#REF!
Name SALBRUT: CDI!#REF!
Name SALBRUT: 'Contrat pro'!#REF!
Name SALBRUT: Données!$E$54
Name SALBRUT: Intérim!#REF!
Name TAUX2023: '[1]Table des Taux 2024'!$B$1:$E$58

Sheet Bulletin
B2: BULLETIN DE PAIE
B4: Employeur : | E4: Période du : 01/03/2024 | G4: au : 31/03/2024
B5: Adresse :
B7: N° SIRET : | F7: Paiement :
B8: Code APE/NAF :
B9: Convention collective :
B10: Création :
B11: ="Emploi : " & Données!E28 -> Emploi : Chef comptable | E11: ="Salarié : " & Données!E26 -> Salarié : Madame SUZY
B12: ="Statut : " & Données!E29 -> Statut : Ouvrier | E12: Adresse :
B13: N° Sécuité Sociale :
B14: Contrat n° :
B16: Date d'embauche : | C16: =Données!B28 -> 45200 | D16: Date de Sortie :
D17: Nombre heures | E17: Taux horaire | F17: Montant
B18: Salaire de base | D18: =Données!F10 -> 86.668571 | E18: =Données!F11 -> 6.6571554 | F18: =Données!C13 -> 0
B19: Complément SMIC | F19: 8.95
B20: =IF(Données!#REF!=0,"","Heure supplémentaire mensualisé") -> #REF! | D20: =IF(Données!#REF!=0,"",Données!B35) -> #REF! | E20: =IF(D20="","",Données!C35) -> #REF! | F20: =IF(Données!D35=0,"",Données!D35)
B21: =IF(OR(Données!G31=0,Données!G31=""),"","Heures supplémentaires 25%") | D21: =IF(Données!G31=0,"",Données!G31) | E21: =IF(D21="","",Données!I12) | F21: =IF(D21="","",Données!J12)
B22: =IF(Données!#REF!=0,"","Heures supplémentaires 50%") -> #REF! | D22: =IF(Données!#REF!=0,"",Données!#REF!) -> #REF! | E22: =IF(D22="","",Données!I13) -> #REF! | F22: =IF(D22="","",Données!J13) -> #REF!
B23: Avantage véhicule | F23: 170
B24: Prime de pénibilité | F24: 50
B25: =IF(OR(Données!B34=0,Données!B34=""),"",Absences jours ouvrables/non ouvrables) | D25: =IF(Données!B34=0,"",Données!B34) | E25: =IF(D25="","",Données!G31) | F25: =IF(Données!D34="","",Données!D34)
B26: SALAIRE BRUT : | F26: =SUM(F18:F24) -> #REF!
B27: Santé | D27: Base | E27: Taux salarial | F27: Montant | G27: Taux Patronal | H27: Part employeur
B28: Maladie, maternité, invalidité, décès | D28: =F26 -> #REF! | E28: =IF(F26<(2.5*Données!B23),7%,13%) -> #REF! | F28: =E28*D28 -> #REF! | G28: =IF(Données!C13<=(2.5*Données!B23),7%,13%) -> 0.07 | H28: =D28*G28 -> #REF!
B29: Prévoyance complémentaire ( décès, invalidité ) | D29: =IF(Données!F40=0,"",F26) -> #REF! | E29: =IF(Données!F40=0,"",Données!F40) -> 0.02 | F29: =IF(D29="","",D29*E29) -> #REF! | G29: =IF(Données!G40=0,"",Données!G40) -> 0.024 | H29: =IF(D29="","",G29*D29) -> #REF!
B30: Complémentaire santé forfait | D30: =IF(Données!E39=0,"",Données!E39) -> 35 | E30: =IF(Données!E39=0,"",Données!F39) -> 0.4 | F30: =IF(D30="","",D30*E30) -> 14 | G30: =IF(Données!E39=0,"",Données!G39) -> 0.6 | H30: =IF(D30="","",D30*G30) -> 21
B31: Accidents du travail et maladies professionnelles
D32: =F26 -> #REF! | G32: =Données!E41 -> 0.02 | H32: =D32*G32 -> #REF!
B33: Famille
B34: Allocations Familliales | D34: =F26 -> #REF! | G34: =IF(Données!C13<=(3.5*Données!B23),3.45%,5.25%) -> 0.0345 | H34: =D34*G34 -> #REF!
B35: Chômage
B36: Assurance chômage TA | D36: =IF(F26<=Données!B22,F26,Données!B22) -> #REF! | E36: 0.0405 | F36: =E36*D36 -> #REF! | G36: 0.0405 | H36: =D36*G36 -> #REF!
B37: AGS TA+TB | D37: =IF(F26<=(4*Données!B22),F26,(4*Données!B22)) -> #REF! | E37: 0.0025 | F37: =E37*D37 -> #REF! | G37: 0.0025 | H37: =D37*G37 -> #REF!
B38: Côtisations Retraite
B39: CEG (Contribution d'Equilibre Général) T1 | D39: =IF(F26<=Données!B22,F26,Données!B22) -> #REF! | E39: =IF(Données!#REF!="Exonération de cotisation","",0.86%) -> #REF! | F39: =IF(Données!#REF!="Exonération de cotisation","",D39*E39) -> #REF! | G39: 0.0129 | H39: =Données!C13*G39 -> 0
B40: CEG (Contribution d'Equilibre Général) T2 | D40: =IF(F26<=(8*Données!B22),Données!C13-Données!B22,(8*Données!B22)) -> #REF! | E40: 0.0108 | F40: =E40*D40 -> #REF! | G40: 0.0162 | H40: =G40*D40 -> #REF!
B41: Retraite T1 | D41: =IF(F26<=Données!B22,F26,Données!B22) -> #REF! | E41: =IF(Données!#REF!="Exonération de cotisation","",3.56%) -> #REF! | F41: =IF(Données!#REF!="Exonération de cotisation","",D41*E41) -> #REF! | G41: 0.0533 | H41: =Données!C13*G41 -> 0
B42: Prévoyance Cadre TA | D42: =IF(F26<=Données!B22,F26,Données!B22) -> #REF! | E42: 0.02 | F42: =E42*D42 -> #REF! | G42: 0.024 | H42: =G42*D42 -> #REF!
B43: =IF(Données!C13>Données!B22,"Contribution d'équilibre Technique CET","") | D43: =IF(F26<=(8*Données!B22),IF(B43="","",SUM(D41:D41)),8*Données!B22) -> #REF! | E43: =IF(D43="","",0.14%) -> #REF! | F43: =IF(D43="","",E43*D43) -> #REF! | G43: =IF(D43="","",0.21%) -> #REF! | H43: =IF(D43="","",G43*D43) -> #REF!
B44: Autres contributions
B45: CSG non déductible | E45: 0.024
B46: CSG déductible | E46: 0.068
B47: =IF(Données!B35<50,"FNAL (aide au logement) < 50 salariés","FNAL (aide au logement) ≥ 50 salariés") -> FNAL (aide au logement) < 50 salariés | D47: =F26 -> #REF! | E47: =IF(Données!#REF!="Exonération de cotisation","",IF(Données!B35<50,0.1%,0.5%)) -> #REF! | F47: =IF(Données!#REF!="Exonération de cotisation","",D47*E47) -> #REF! | G47: =IF(Données!B35<50,0.1%,0.5%) -> 0.001 | H47: =IF(D47="","",G47*D47) -> #REF!
B48: Vielliesse Plafonnée | D48: =IF(F26<=Données!B22,F26,Données!B22) -> #REF! | E48: =IF(Données!#REF!="Exonération de cotisation","",6.9%) -> #REF! | F48: =IF(Données!#REF!="Exonération de cotisation","",D48*E48) -> #REF! | G48: 0.0855 | H48: =Données!C13*G48 -> 0
B49: Vielliesse Déplafonnée | D49: =F26 -> #REF! | E49: =IF(Données!#REF!="Exonération de cotisation","",0.4%) -> #REF! | F49: =IF(Données!#REF!="Exonération de cotisation","",D49*E49) -> #REF! | G49: 0.0202 | H49: =Données!C13*G49 -> 0
B50: Contribution au dialogue social | D50: =F26 -> #REF! | F50: =E50*D50 -> #REF! | G50: 0.00016 | H50: =D50*G50 -> #REF!
B51: Contribution solidarité Autonomie | D51: =F26 -> #REF! | F51: =E51*D51 -> #REF! | G51: 0.003 | H51: =D51*G51 -> #REF!
B52: Forfait social sur les côtisations patronales de prévoyance et frais de santé >= 11 salariés | D52: =H29 -> #REF! | G52: 0.08 | H52: =IF(Données!B35>=11,D52*G52,0) -> #REF!
B53: =IF(Données!B36="Non","Taxe d'apprentissage hors Alsace Moselle","Taxe d'apprentissage Alsace Moselle") -> Taxe d'apprentissage Alsace Moselle | D53: =F26 -> #REF! | G53: =IF(Données!B36="Non",0.68%,0.44%) -> 0.0044 | H53: =D53*G53 -> #REF!
B54: =IF(Données!B35<11,"Contribution unique à la formation professionnelle entreprise < 11 salariés","Contribution unique à la formation professionnelle entreprise > 11 salariés") -> Contribution unique à la formation professionnelle entreprise > 11 salariés | D54: =F26 -> #REF! | G54: =IF(Données!B35<11,0.55%,1%) -> 0.01 | H54: =D54*G54 -> #REF!
B55: Participation effort construction ≥ 50 salariés | D55: =F26 -> #REF! | G55: 0.01 | H55: =IF(Données!B35>=50,D55*G55,0*D55) -> #REF!
B56: Versement transport ≥ 11 salariés | D56: =F26 -> #REF! | E56: =IF(Données!#REF!="Exonération de cotisation","",2.6%) -> #REF! | F56: =IF(Données!#REF!="Exonération de cotisation","",D56*E56) -> #REF! | G56: =Données!B37 -> 0.02 | H56: =D56*G56 -> #REF!
B57: =IF(Données!B35>=250,"contribution supplémentaire à l'apprentissage >= 250 salarié","")
B58: Allègement côtisations :
B59: Réduction des cotisations ( Ex Fillon ) | D59: =IF(F26<(1.6*Données!B23),F26,"") -> #REF! | G59: =IF(F26<(1.6*Données!B23),((IF(Données!B35<50,0.3194,0.3234))/0.6)*(((1.6*(Données!B23*12))/(F26*12)-1)),0) -> #REF! | H59: =IF(F26<(1.6*Données!B23),-(D59*12)*G59%,0) -> #REF!
B60: TEPA < 20 salariés | G60: =IF(Données!B35<20,1.5,0.5) -> 1.5 | H60: =IF(Données!B35<20,-SUM(Données!J11:J13)*G60,0) -> 0
B61: =IF(Données!G34="Oui","","Réduction cotisation salariale sur HS 1,25") -> Réduction cotisation salariale sur HS 1,25 | D61: =IF(B62="","",SUM(Données!J11:J12)) -> 0 | E61: =IF(D61="","",11.31%) -> 0.1131 | F61: =IF(D61="","",-D61*E61) -> 0
B62: =IF(Données!G34="Oui","","Réduction cotisation salariale sur HS 1,50") -> Réduction cotisation salariale sur HS 1,50 | D62: =IF(B62="","",D21) | E62: =IF(D62="","",11.31%) | F62: =IF(D62="","",-D62*E62)
B63: Sous Total : | F63: =SUM(F28:F62) -> #REF! | H63: =SUM(H28:H62) -> #REF!
B64: Primes et indemnités non soumises à cotisations
B65: Forfait repas
B66: Repas frais réels
B67: Prime Fractionnement CP
B68: Retenues :
B69: Déduction TR soumis à cotisations
B70: Avantages en nature repas | D70: =IF(Données!I35=0,"",Données!I35) | E70: =IF(Données!J35=0,"",Données!J35) -> 5.35 | F70: =IF(Données!L35=0,"",Données!L35)
B71: Avantages en nature véhicule
B72: Avantages en nature logement | F72: =-Données!L37 -> #VALUE!
B73: Avances et acomptes | F73: =IF(Données!L41=0,"",Données!L41)
B74: =IF(N75="","","Saisie sur salaire")
B75: =IF(N76="","","Saisie pension alimentaire")
B76: Net à payer avant prélèvement à la source | H76: =F26-F63+SUM(F65:F67)-SUM(F69:F74) -> #REF!
B77: dont évolution de la rémunération liées à la suppression des cotisations chômage et maladie | H77: =(D36*3.15%) -> #REF!
B78: Impôt sur le revenu | E78: Base | F78: Taux personnalisé/non personnalisé | H78: Montant
B79: Impôt sur le revenu prélevé à la source | E79: =D80 -> #REF! | F79: =Données!E45 -> 0 | H79: =E79*F79 -> #REF!
B80: Net imposable | D80: =F26-(SUM(F20:F22))-F63+IF(H30="",0,H30) -> #REF! | F80: NET A PAYER
F81: =H76-H79 -> #REF!
E82: Allègement cotisations employeur | H82: =-(H60+H59)+(D34*1.8%)+(F26*6%) -> #REF!
E83: coût total employeur | H83: =F26+H63+SUM(F65:F67) -> #REF!
B84: Pour plus d'explications sur les différents termes utilisés, vous pouvez consulter le site : | G84: www.service-public.fr
B85: Conserver ce bulletin sans limitation de durée Pour la définition des termes employés se reporter aux rubriques bulletin de salaire du site internet service public.fr

Sheet Feuil2
B2: BULLETIN DE SALAIRE
B3: EMPLOYEUR | G3: SALARIE
B4: Nom | C4: ='[1]Masque de Saisie'!H5 -> 0 | G4: Nom | H4: =Données!E26 -> Madame SUZY
B5: Adresse | C5: ='[1]Masque de Saisie'!H6 -> 0 | G5: Prénom | H5: ='[1]Masque de Saisie'!F30 -> 0
G6: Emploi | H6: =Données!E28 -> Chef comptable
B7: N° SIRET | C7: ='[1]Masque de Saisie'!H7 -> 0 | G7: Coefficient | H7: ='[1]Masque de Saisie'!F33 -> 0
B8: Code APE | C8: ='[1]Masque de Saisie'!H8 -> 0 | G8: N° de S.S. | H8: ='[1]Masque de Saisie'!F34 -> 0
B9: URSSAF | G9: Adresse
B10: Effectif | C10: ='[1]Masque de Saisie'!H10 -> 0 | G10: Statut = C ou NC ou D | I10: NC
B11: Heures URSSAF | C11: =+'[1]Masque de Saisie'!H49 -> 0 | D11: SMICH | E11: =+'[1]Masque de Saisie'!H46 -> 0 | G11: PERIODE DU : | I11: =Données!B28 -> 45200 | J11: Au : | K11: =Données!B30 -> 45322
C12: ='[1]Masque de Saisie'!H9 -> 0 | G12: Payé le | H12: =+'[1]Masque de Saisie'!H43 -> 0
B14: Salaire de base | H14: 151.67 | I14: à | J14: =Données!F11 -> 6.6571554 | K14: =Données!F12 -> 1009.6686
B15: AN TR
B16: Prime d'ancienneté
B17: Primes entrant dans la base de calcul des heures supplémentaires et des heures complémentaires
B18: Avantages en nature | I18: à
B19: Heures complémentaires à + 10 % | I19: à
B20: Heures complémentaires à + 25 % | I20: à | J20: =J14*1.25 -> 8.3214443
B21: Heures supplémentaires à + 10 % | I21: à
B22: Heures supplémentaires à + 25 % | H22: =+'[1]Masque de Saisie'!H56 -> 0 | I22: à | J22: =ROUND(((K14+K17)*1.25/H14),6) -> 8.321261 | K22: =ROUND(H22*J22,2) -> 0
B23: Heures supplémentaires à + 50 % | I23: à
B24: Absence du 19/02 au 29/02 | K24: =-3700*9/21 -> -1585.7143
B25: Commissions
B26: Maintien du salaire
B27: IJSS Brute
B28: Garantie du Net
B29: Indemnité compensatrice de congés payés 2021 - 2022
B30: Indemnité compensatrice de congés payés 2023 - 2024 | K30: ='[1]Correction Suite '!G99 -> 0
B31: Indemnité de licenciement
B32: Prime annuelle | K32: ='[1]Correction Suite '!G97 -> Non soumise à cotisations
B34: PLAFOND S.S. : | D34: ='[1]Masque de Saisie'!H47 -> 0 | E34: SALAIRE BRUT TOTAL | K34: =SUM(K14:K33) -> -576.04571
B36: Cotisations et Contributions Sociales Obligatoires | D36: Base | E36: Tx Salarial | F36: Tx patronal | G36: Part salariale | H36: Part patronale | N36: Libellé | P36: Cotisations salariales | Q36: Cotisations patronales
B37: SANTE | N37: Cotisations et Contributions Obligatoires
B38: Sécurité sociale Maladie Maternité Invalidité Décés 1. | D38: =K34 -> -576.04571 | F38: =VLOOKUP(B38,TAUX2023,4,FALSE) -> 0.07 | H38: =ROUND(D38*F38,2) -> -40.32 | N38: Sécurité sociale Maladie Maternité Invalidité Décés 1. | Q38: 0.07
B39: Sécurité sociale Maladie Maternité Invalidité Décés 2. | D39: ='[1]SUIVI LIMITE 2,5 SMIC'!K11 -> 0 | F39: =VLOOKUP(B39,TAUX2023,4,FALSE) -> 0.06 | H39: =ROUND(D39*F39,2) -> 0 | N39: Sécurité sociale Maladie Maternité Invalidité Décés 2. | Q39: 0.06
G40: =ROUND(D40*E40,2) -> 0 | H40: =ROUND(D40*F40,2) -> 0 | N40: Mutuelle Cadres
B41: Mutuelle Non Cadres | D41: =IF(J10=1,K34,0) -> 0 | G41: =ROUND(D41*E41,2) -> 0 | H41: =ROUND(D41*F41,2) -> 0 | N41: Mutuelle Non Cadres
B42: Mutuelle Non Cadres T1 + T2 | D42: =IF(J10=1,'[1]SUIVI RETRAITE '!H9+'[1]SUIVI RETRAITE '!L9,0) -> 0 | E42: ='[1]Masque de Saisie'!H13 -> 0 | F42: ='[1]Masque de Saisie'!I13 -> 0 | G42: =ROUND(D42*E42,2) -> 0 | H42: =ROUND(D42*F42,2) -> 0
G43: =ROUND(D43*E43,2) -> 0 | H43: =ROUND(D43*F43,2) -> 0 | N43: ACCIDENT DU TRAVAIL - MALADIES PROFESSIONNELLES
B44: Mutuelle Cadres | D44: =IF(J10=2,K34,0) -> 0 | E44: ='[1]Masque de Saisie'!H16 -> 0 | F44: ='[1]Masque de Saisie'!I16 -> 0 | G44: =ROUND(D44*E44,2) -> 0 | H44: =ROUND(D44*F44,2) -> 0 | N44: FAMILLE
B45: Mutuelle Cadres T1+T2 | D45: =IF(J10=2,'[1]SUIVI RETRAITE '!H9+'[1]SUIVI RETRAITE '!L9,0) -> 0 | G45: =ROUND(D45*E45,2) -> 0 | H45: =ROUND(D45*F45,2) -> 0 | N45: Allocations Familiales Taux de Base | Q45: 0.0345
B46: Maintien de salaire TA | E46: =VLOOKUP(B46,TAUX2023,3,FALSE) -> 0 | F46: =VLOOKUP(B46,TAUX2023,4,FALSE) -> 0 | G46: =ROUND(D46*E46,2) -> 0 | H46: =ROUND(D46*F46,2) -> 0 | N46: Allocations Famliales Taux Majoré | Q46: 0.018
B47: Maintien de salaire TB | E47: =VLOOKUP(B47,TAUX2023,3,FALSE) -> 0 | F47: =VLOOKUP(B47,TAUX2023,4,FALSE) -> 0 | G47: =ROUND(D47*E47,2) -> 0 | H47: =ROUND(D47*F47,2) -> 0 | N47: ASSURANCE CHÔMAGE
B48: Assurance décés des cadres (TA) | D48: =IF(J10=2,IF(F78=0,IF(K34>D34,D34,K34),0),0) -> 0 | F48: =VLOOKUP(B48,TAUX2023,4,FALSE) -> 0.015 | G48: =ROUND(D48*E48,2) -> 0 | H48: =ROUND(D48*F48,2) -> 0 | N48: Chômage ( TA+TB) | Q48: 0.0405
G49: =ROUND(D49*E49,2) -> 0 | H49: =ROUND(D49*F49,2) -> 0 | N49: AGS (TA+TB) | Q49: 0.002
B50: ACCIDENT DU TRAVAIL - MALADIES PROFESSIONNELLES | D50: =K34 -> -576.04571 | F50: ='[1]Masque de Saisie'!I24 -> 0 | H50: =ROUND(D50*F50,2) -> 0 | N50: APEC (TA+TB) | P50: 0.00024 | Q50: 0.00036
B51: RETRAITE | N51: RETRAITE
B52: Sécurité Sociale Plafonnée | D52: ='[1]SUIVI RETRAITE '!H9 -> 7203.293 | E52: =VLOOKUP(B52,TAUX2023,3,FALSE) -> 0.069 | F52: =VLOOKUP(B52,TAUX2023,4,FALSE) -> 0.0855 | G52: =ROUND(D52*E52,2) -> 497.03 | H52: =ROUND(D52*F52,2) -> 615.88 | N52: Sécurité Sociale Plafonnée | P52: 0.069 | Q52: 0.0855
B53: Sécurité Sociale déplafonnée | D53: =K34 -> -576.04571 | E53: =VLOOKUP(B53,TAUX2023,3,FALSE) -> 0.004 | F53: =VLOOKUP(B53,TAUX2023,4,FALSE) -> 0.0202 | G53: =ROUND(D53*E53,2) -> -2.3 | H53: =ROUND(D53*F53,2) -> -11.64 | N53: Sécurité Sociale déplafonnée | P53: 0.004 | Q53: 0.0202
B54: Complémentaire T1 | D54: ='[1]CET '!F19 -> 0 | E54: ='[1]CET '!D20 -> 222.37 | F54: ='[1]CET '!D21 -> 0 | G54: =ROUND(D54*E54,2) -> 0 | H54: =ROUND(D54*F54,2) -> 0 | N54: Complémentaire T1 | P54: 0.0315 | Q54: 0.0472
B55: Complémentaire T1 CET | D55: ='[1]CET '!F22 -> 0 | E55: ='[1]CET '!D23 -> 0 | F55: ='[1]CET '!D24 -> 0 | G55: =ROUND(D55*E55,2) -> 0 | H55: =ROUND(D55*F55,2) -> 0 | N55: Complémentaire T2 | P55: 0.0864 | Q55: 0.1295
B56: Complémentaire T2 | D56: ='[1]CET '!F34 -> 0 | E56: ='[1]CET '!D35 -> 0 | F56: ='[1]CET '!D36 -> 0 | G56: =ROUND(D56*E56,2) -> 0 | H56: =ROUND(D56*F56,2) -> 0 | N56: Contribution d'équilibre général T1 (CEG T1) | P56: 0.0086 | Q56: 0.0129
F57: =IF(J34>C33,'[1]Table des Taux 2024'!G79,0) -> 0 | G57: =ROUND(D57*E57,2) -> 0 | H57: =ROUND(D57*F57,2) -> 0 | N57: Contribution d'équilibre général T2 (CEG T2) | P57: 0.0108 | Q57: 0.0162
F58: =IF(J35>C34,'[1]Table des Taux 2024'!G80,0) -> 0 | G58: =ROUND(D58*E58,2) -> 0 | H58: =ROUND(D58*F58,2) -> 0 | N58: Contribution d'équilibre Technique T1 (CET T1) | P58: 0.0014 | Q58: 0.0021
B59: FAMILLE | N59: Contribution d'équilibre Technique T2 (CET T2) | P59: 0.0014 | Q59: 0.0021
B60: Allocations Familiales Taux de Base | D60: =K34 -> -576.04571 | F60: =VLOOKUP(B60,TAUX2023,4,FALSE) -> 0.0345 | H60: =ROUND(D60*F60,2) -> -19.87
B61: Allocations Famliales Taux Majoré | D61: ='[1]SUIVI ALLOCATIONS FAMILIALES'!K11 -> 237.58479 | F61: =VLOOKUP(B61,TAUX2023,4,FALSE) -> 0.018 | H61: =ROUND(D61*F61,2) -> 4.28 | N61: URSSAF FNAL Taux réduit TA | Q61: 0.001
B62: ASSURANCE CHOMAGE | N62: URSSAF FNAL Totalité | Q62: 0.005
B63: Chômage | D63: ='[1]SUIVI RETRAITE '!H9+'[1]SUIVI RETRAITE '!J9 -> 14406.586 | F63: ='[1]Table des Taux 2024'!F14+'[1]Table des Taux 2024'!F15 -> 0 | H63: =ROUND(D63*F63,2) -> 0 | N63: Versement Mobilité | Q63: 0.032 | R63: Tx applicable Paris et Petite couronne à pa
G64: =ROUND(D64*E64,2) -> 0 | H64: =ROUND(D64*F64,2) -> 0 | N64: Contribution de solidarité pour l'autonomie | Q64: 0.003
B65: APEC (TA+TB) | D65: =IF(J10=2,D63,0) -> 0 | E65: =VLOOKUP(B65,TAUX2023,3,FALSE) -> 0.00024 | F65: =VLOOKUP(B65,TAUX2023,4,FALSE) -> 0.00036 | G65: =ROUND(D65*E65,2) -> 0 | H65: =ROUND(D65*F65,2) -> 0 | N65: Forfait social | Q65: 0.08
B66: AUTRES CONTRIBUTIONS DUES PAR L'EMPLOYEUR | H66: =F138 -> #VALUE! | N66: Forfait social sur Retraite Supplémentaire Art 83 | Q66: 0.2
B67: COTISATIONS STATUTAIRES OU PREVUES PAR LA CONVENTION COLLECTIVE | N67: Contribution dialogue social | Q67: 0.00016
B68: C.S.G déductible de l'impôt sur le revenu | D68: ='[1]HEURES SUPP. MOIS 2'!I144 -> 0 | E68: =VLOOKUP(B68,TAUX2023,3,FALSE) -> 0.068 | G68: =ROUND(D68*E68,2) -> 0 | N68: Taxe d'apprentissage | Q68: 0.0068
B69: C.S.G./ C.R.D.S non déductible de l'impôt sur le revenu | D69: ='[1]HEURES SUPP. MOIS 2'!I147 -> 0 | E69: =VLOOKUP(B69,TAUX2023,3,FALSE) -> 0.029 | G69: =ROUND(D69*E69,2) -> 0 | N69: Formation professionnelle | Q69: 0.01
B70: CSG sur Heures Supplémentaires Non déductible | D70: ='[1]HEURES SUPP. MOIS 2'!I145 -> 0 | E70: =E68 -> 0.068 | G70: =ROUND(D70*E70,2) -> 0 | N70: Formation professionnelle | Q70: 0.0055
B71: CSG sur Heures supplémentaires Déductible | D71: ='[1]HEURES SUPP. MOIS 2'!I146 -> 0 | E71: =E68 -> 0.068 | G71: =ROUND(D71*E71,2) -> 0 | N71: Participation à l'effort de construction | Q71: 0.0045
B72: CSG / CRDS (Non déductible) sur Heures Supplémentaires | D72: ='[1]HEURES SUPP. MOIS 2'!I148 -> 0 | E72: =E69 -> 0.029 | G72: =ROUND(D72*E72,2) -> 0
B73: EXONERATIONS ET ALLEGEMENTS DE COTISATIONS | G73: =ROUND(D73*E73,2) -> 0 | H73: =-'[1]SUIVI RED GEN DE COT'!F41+IF(C10<20,-(H21+H23+H22)*1.5,IF(C10<=250,-(H21+H22+H23)*0.5,0)) -> 0 | N73: C.S.G déductible de l'impôt sur le revenu | P73: 0.068
B74: Réduction cotisations heures supplémentaires , complémentaires et autres | D74: =+'[1]HEURES SUPP. MOIS 2'!F59 -> 0 | G74: =-'[1]HEURES SUPP. MOIS 2'!G59 -> 0 | N74: C.S.G./ C.R.D.S non déductible de l'impôt sur le revenu | P74: 0.029
B75: Total des Cotisations et Contributions | G75: =SUM(G38:G74) -> 494.73 | H75: =SUM(H38:H74) -> #VALUE! | N75: CSG 6,8 % sur Heures Supplémentaires Non déductible | P75: 0.068
B76: Cotisations et Contributions Sociales Facultatives | N76: CSG 6,8 % sur Heures supplémentaires Déductible | P76: 0.068
B77: Prévoyance Complémentaire Non Cadres T1+T2 | D77: =IF(J10=1,'[1]SUIVI RETRAITE '!H9+'[1]SUIVI RETRAITE '!L9,0) -> 0 | E77: ='[1]Masque de Saisie'!H14 -> 0 | F77: ='[1]Masque de Saisie'!I14 -> 0 | G77: =ROUND(D77*E77,2) -> 0 | H77: =ROUND(D77*F77,2) -> 0 | N77: CSG / CRDS 2,9 % (Non déductible) sur Heures Supplémentaires | P77: 0.029
B78: Prévoyance Complémentaire Cadres | D78: =IF(J10=2,K34,0) -> 0 | E78: ='[1]Masque de Saisie'!H18 -> 0 | F78: ='[1]Masque de Saisie'!I18 -> 0 | G78: =ROUND(D78*E78,2) -> 0 | H78: =ROUND(D78*F78,2) -> 0
N79: Cotisations et Contributions Facultatives
B80: Retraite Supplémentaire Art 83 | D80: =K34 -> -576.04571 | E80: ='[1]Masque de Saisie'!H20 -> 0.015 | F80: ='[1]Masque de Saisie'!I20 -> 0 | G80: =ROUND(D80*E80,2) -> -8.64 | H80: =ROUND(D80*F80,2) -> 0 | N80: Prévoyance Complémentaire Cadres
B81: Montant Net Social | G81: =K34-G75-G77-G78+G86 -> 2344.6089 | N81: Prévoyance Complémentaire Non Cadres
B82: Tickets Restaurant PS et PP | G82: ='[1]Masque de Saisie'!H50*'[1]Masque de Saisie'!H51 -> 0 | H82: ='[1]Masque de Saisie'!H50*'[1]Masque de Saisie'!H52 -> 0 | N82: Assurance décés des cadres (TA) | Q82: 0.015
B83: IndemnIté de Transport | G83: ='[1]Masque de Saisie'!H53 -> 0 | N83: Maintien de salaire TA
B84: AN TR soumis à cotisations | G84: =-K15 -> 0 | N84: Maintien de salaire TB
B85: AN TR Imposable | G85: ='[1]TR Matrice Net Imposable'!D30 -> 0
B86: Indemnité de rupture conventionnelle imposable ( non soumise à cotisations ) | G86: ='[1]Correction Suite '!F98 -> 3415.3846 | N86: Plafond de la sécurité sociale 2024 | P86: 3864
B87: NET A PAYER AVANT IMPOT SUR LE REVENU | K87: =K34-G75-G77-G78-G48-G80-G82+G83+G84+G86 -> 2353.2489 | N87: SMICH 01/01/2023 | P87: 11.27
B88: Net Imposable | K88: ='[1]HEURES SUPP. MOIS 2'!F103+G86 -> 3415.3846 | N88: SMICH 01/05/2023 | P88: 11.52
B89: Montant net des heures supplémentaires / Complémentaires/ RTT Exonérées | K89: ='[1]HEURES SUPP. MOIS 2'!F59-G70 -> 0 | N89: SMICH au 01/01/2024 | P89: 11.65
B90: Montant net des heures supplémentaires / Complémentaires/ RTT Non Exonérées | K90: ='[1]HEURES SUPP. MOIS 1 '!H59 -> 0 | N90: SMIC Mensuel au 01/01/2023 | P90: =P87*35*52/12 -> 1709.2833
B91: Impöt sur le revenu Prélevé à la source | E91: Base | G91: Taux personnalisé / Taux non personnalisé | I91: Montant | N91: SMIC Mensuel au 01/05/2023 | P91: =P88*35*52/12 -> 1747.2
E92: =+K88 -> 3415.3846 | G92: ='[1]Taux Neutre'!I13 -> 0 | I92: =ROUND(E92*G92,2) -> 0 | N92: SMIC Mensuel au 01/01/2024 | P92: =P89*35*52/12 -> 1766.9167
B93: Net à payer au salarié (en euros) | K93: =K87-I92+G86 -> 5768.6335 | N93: 1,6 *SMICH * 35 * 52 /12 au 01/01/2024 | P93: =1.6*P89*35*52/12 -> 2827.0667
B94: Allégements de Cotisations Employeur | K94: =IF(C10<20,(H21+H23+H22)*1.5,IF(C10<=250,(H21+H23+H22)*0.5))+'[1]SUIVI LIMITE 2,5 SMIC'!M11+'[1]SUIVI ALLOCATIONS FAMILIALES'!O11+'[1]SUIVI RED GEN DE COT'!I17 -> 0 | N94: 2,5 *SMICH*35*52/12 au 01/01/2024 | P94: =2.5*P88*35*52/12 -> 4368 | R94: Calcul alternatif | S94: =ROUND(2.5*11.52*151.67,2) -> 4368.1
B95: Total versé par l'employeur | K95: =H75+K34+H77+H78+H48+H80 -> #VALUE! | N95: 3,5 *SMICH*35*52/12 au 01/01/2024 | P95: =3.5*P88*35*52/12 -> 6115.2 | S95: =ROUND(3.5*11.52*151.67,2) -> 6115.33
C96: Mois | D96: Cumuls | E96: Congés Payés N-1 / N | G96: Congés Payés N / N+1 | N96: Coefficients Red Gen de Cot. à compter du 01/01/2024 (Entreprises de moins de 50 sal / Entreprises de 50 ou + de 50 sal.) | P96: 0.3194 | Q96: 0.3234
B97: Prélèvement à la source | C97: =I92 -> 0 | D97: =C97+'[1]MOIS 1 '!D97 -> #VALUE! | E97: Acquis | F97: 30 | G97: Cumul mois précédent | H97: ='[1]Correction Suite '!F125 -> 0
B98: Heures Suppl. / Compl. défiscalisées | C98: =D74 -> 0 | D98: =C98+'[1]MOIS 1 '!D98 -> 0 | E98: Pris | F98: 30 | G98: Acquis sur le mois | H98: ='[1]Correction Suite '!F128 -> 0 | N98: Déduction forfaitaire sur les Heures supplémentaires moins de 20 salariés | Q98: 1,5 euro / Heure suppl
B99: Salaire brut | C99: =K34 -> -576.04571 | D99: =C99+'[1]MOIS 1 '!D99 -> -576.04571 | E99: Reste | F99: 0 | G99: Reste | H99: =H97+H98 -> 0 | N99: DFHS entreprises de 20 à moins de 250 salariés | Q99: 0,5 euro / Heure Suppl
B100: Net imposable | C100: =+K88 -> 3415.3846 | D100: =C100+'[1]MOIS 1 '!D100 -> 3415.3846 | N100: Tickets restaurant Exonération maximale de la Part Patronale | P100: 7.18
B101: « Pour plus d’informations, voir la rubrique dédiée au bulletin de paye sur www.service-public.fr ». | N101: Pass Navigo RP | P101: 86.4
B102: Pour faire valoir vos droits conservez ce bulletin de paie sans limitation de durée
B103: mesdroitssociaux.gouv.fr | O103: Salaire Brut Inférieur au PMSS | Q103: Salaire Brut supérieur au PMSS
O104: PS | P104: PP | Q104: PS | R104: PP
...

Sheet Données
A1: base de donnée des listes de la ligne 2 à 11
A2: | | E2: Type de contrat : | G2: Statut : | K2: Moins 5 ans | L2: Plus 5 ans | M2: Loué | N2: AN véhi loué
A3: | | B3: Taux apprenti appliqué : | C3: 1er année | D3: =IF(B27<18,27%,IF(AND(B27>=18,B27<21),43%,IF(AND(B27>=21,B27<26),53%,100%))) -> 0.27 | E3: CDI | F3: Oui | G3: Ouvrier | I3: Véhicule électrique Non | J3: AN au réelle | K3: =IF(I22="Oui",IF((K23="Oui"),(((((((0.2*I25)+I28+I29)*K30)/K29)+IF(I31="",I31=0,I31))/12)-K22),((((((0.2*I25)+I28+I29)*K30)/K29)/12)-K22)),"") | L3: =IF(I22="Oui",IF((K23="Oui"),(((((((0.1*I25)+I28+I29)*K30)/K29)+IF(I31="",I31=0,I31))/12)-K22),((((((0.1*I25)+I28+I29)*K30)/K29)/12)-K22)),"") | M3: =IF(I22="Oui",IF((K23="Oui"),((((((I25+I28+I29)*K30)/K29)+IF(I31="",I31=0,I31))/12)-K22),(((((I25+I28+I29)*K30)/K29)/12)-K22)),"") | N3: =IF(I5<5,(IF(M3>K3,K3,M3)),(IF(M3>L3,L3,M3)))
A4: | | C4: 2ème année | D4: =IF(B27<18,39%,IF(AND(B27>=18,B27<21),51%,IF(AND(B27>=21,B27<26),61%,100%))) -> 0.39 | E4: CDD | F4: Non | G4: Cadre | I4: Véhicule électrique Oui | J4: Si électrique | K4: =(IF(I22="Oui",(IF((((0.2*I25)+I28+I29)*K30)/K29<1964.9,(((0.5*((0.2*I25)+I28+I29))*K30)/K29)/12,(((((0.2*I25)+I28+I29)-1964.9)*K30)/K29)/12)),"")) | L4: =(IF(I22="Oui",(IF(((0.1*I25)+I28+I29)<1964.9,(((0.5*((0.1*I25)+I28+I29))*K30)/K29)/12,(((((0.1*I25)+I28+I29)-1964.9)*K30)/K29)/12)),"")) | M4: =(IF(I22="Oui",(IF((I25+I28+I29)<1964.9,(((0.5*(I25+I28+I29))*K30)/K29)/12,((((I25+I28+I29)-1964.9)*K30)/K29)/12)),"")) | N4: =IF(I5<5,(IF(M4>K4,K4,M4)),(IF(M4>L4,L4,M4)))
A5: | | C5: 3ème année | D5: =IF(B27<18,55%,IF(AND(B27>=18,B27<21),67%,IF(AND(B27>=21,B27<26),78%,100%))) -> 0.55 | E5: Intérim | G5: Cadre dirigeant | I5: =IF(I26="","",YEARFRAC(I26,TODAY())) -> 0.0027777778
A6: | | E6: Apprenti | F6: 35h | G6: Apprenti | J6: AN au forfait | K6: =IF(I22="Oui",(IF(K23="Oui",(IF(OR(K31=0,K31=""),((0.12*I25)/12),((0.09*I25)+K31)/12)),(0.09*I25)/12)),"") | L6: =IF(I22="Oui",(IF(K23="Oui",(IF(OR(K31=0,K31=""),((0.09*I25)/12),((0.06*I25)+K31)/12)),(0.06*I25)/12)),"") | M6: =IF(I22="Oui",(IF(K23="Oui",(IF(OR(K31=0,K31=""),(0.4*(I25+I28+I29+I30))/12,((0.3*(I25+I28+I29+I30))+K31)/12)),(0.3*(I25+I28+I29+I30))/12)),"") | N6: =IF(I5<5,(IF(M6>K6,K6,M6)),(IF(M6>L6,L6,M6)))
A7: | | E7: Temps partiel | F7: 39h | G7: Stagiaire | J7: Si électrique | K7: =IF(I22="Oui",(IF((0.09*I25)<1964.9,((0.09*I25)*0.5)/12,((0.09*I25)-1964.9)/12)),"") | L7: =IF(I22="Oui",(IF((0.06*I25)<1964.9,((0.06*I25)*0.5)/12,((0.06*I25)-1964.9)/12)),"") | M7: =IF(I22="Oui",(IF((0.3*I25)<1964.9,((0.3*I25)*0.5)/12,((0.3*I25)-1964.9)/12)),"") | N7: =IF(I5<5,(IF(M7>K7,K7,M7)),(IF(M7>L7,L7,M7)))
A8: |
A9: | | E9: Salaire : | H9: Nbre | I9: Taux | J9: Montant
A10: | | E10: Nombre d'heure total : | F10: =IF(OR(E29="Cadre",E29="Cadre dirigeant"),0, IF(OR(E31=0,E31=""),151.67,E31*151.67)) -> 86.668571 | G10: Absence | H10: =G30 -> 0 | I10: =IF(OR(F11="",F11=0),"",F11) -> 6.6571554 | J10: =IF(OR(I10=0,I10=""),"",((H10*7)*I10)) -> 0
A11: | | E11: Nouveau taux horaire : | F11: =(G28*(IF(OR(E31=0,E31=""),100%,E31)))+(G29*(IF(OR(E31=0,E31=""),100%,E31))) -> 6.6571554 | G11: HS mensualisé | H11: =IF(E30="35h",0,(17.33*((21.67-G30)/21.67))) -> 0 | I11: =IF(OR(F11="",F11=0),"",F11*1.25) -> 8.3214443 | J11: =IF(I11="","",I11*H11) -> 0
A12: | | E12: Salaire Brut : | F12: =(IF(E29="Apprenti", ((IF(B31<1,D3,IF(AND(B31>1,B31<2),D4,D5)))*C13), (IF(OR(E29="Cadre",E29="Cadre dirigeant"),(IF(G34="Oui",(G36/21.67)*F14,G36)), F11*((IF(E30="35h",35,39)*52)/12) )))) -> 1009.6686 | G12: HS 25% | H12: =IF(G31>8,8,G31) -> 0 | I12: =IF(OR(F11="",F11=0),"",F11*1.25) -> 8.3214443 | J12: =IF(I12="","",I12*H12) -> 0
A13: | | G13: HS 50 | H13: =IF(G31>8,G31-8,0) -> 0 | I13: =IF(OR(F11="",F11=0),"",F11*1.5) -> 9.9857331 | J13: =IF(I13="","",I13*H13) -> 0
A14: | | E14: Nbre de jours travaillé | F14: =21.67-H10 -> 21.67 | G14: heure complémentaire 25% | H14: =IF(G32>=(0.1*F10),(0.1*F10),G32) -> 0 | I14: =IF(OR(F11="",F11=0),"",F11*1.25) -> 8.3214443 | J14: =IF(I14="","",I14*H14) -> 0
A15: | | G15: heure complémentaire 50% | H15: =G32-H14 -> 0 | I15: =IF(OR(F11="",F11=0),"",F11*1.5) -> 9.9857331 | J15: =IF(I15="","",I15*H15) -> 0
A16: |
A17: |
A18: |
A19: |
A20: Liste déroulante | F20: Vérif salaire Brut | G20: =F12 -> 1009.6686
H21: AN Véhicule :
A22: Plafond SS 2024 : | B22: 3864 | D22: Tranche A | E22: =" 0 à " & B22 -> 0 à 3864 | F22: Tranche 1 | G22: =" 0 à " & B22 -> 0 à 3864 | H22: Prêt de véhicule | I22: Non | J22: Redevance par le salarié
A23: SMIC pour 151,67 h : | B23: 1766.92 | C23: =B23*12 -> 21203.04 | D23: Tranche B | E23: ="3 plafonds de " & B22 & " à " & SUM(B22*4) -> 3 plafonds de 3864 à 15456 | F23: Tranche 2 | G23: ="7 plafonds de " & B22 & " à " & SUM(B22*8) -> 7 plafonds de 3864 à 30912 | H23: Véhicule loué | I23: Non | J23: Prise en charge carburant | K23: Oui
A24: Taux horaire SMIC : | B24: =B23/151.67 -> 11.649766 | D24: 21,67 jour ouvré par mois 5jrs semaine*52semaines/12mois | H24: Type de véhicule | I24: Véhicule électrique Non
A25: 79% smic : | B25: =B23*0.79 -> 1395.8668 | H25: Prix d'achat TTC ou prix location annuelle : | I25: 0 | J25: Année véhicule
A26: Date de naissance : | B26: 39610 | D26: NOM prénom : | E26: Madame SUZY | H26: Date de construction véhicule : | I26: 45510
A27: Age de l'apprenti : | B27: =TRUNC( YEARFRAC( B26,B30), 0 ) -> 15 | D27: Prénom | F27: Base de salaire mensuel brut théorique : | G27: 1766.92 | H27: AN Véhicule au réelle :
A28: Date de contrat | B28: 45200 | D28: Emploi : | E28: Chef comptable | F28: Ou taux horaire défini | G28: =G27/(35*52/12) -> 11.650022 | H28: Frais entretien : | I28: 0
A29: Date début paie | B29: 45292 | D29: Statut : | E29: Ouvrier | F29: Rajout CCN (% du T horaire SMIC): | H29: Assurance | I29: 0 | J29: Km total année : | K29: 0
A30: Date fin de paie : | B30: 45322 | D30: Contrat | E30: 35h | F30: Nombre de jours abs : | H30: Carburant total | I30: 0 | J30: Km privé année : | K30: 0
A31: Ancienneté : | B31: =YEARFRAC(B28,B30) -> 0.33333333 | D31: Si temps partiel : | E31: =E32/35 -> 0.57142857 | F31: Heure sup | H31: Carburant à titre privé | I31: =IF(OR(I30=0,I30=""),"",(K30*I30)/K29) | J31: Carburant privé réel | K31: 0
D32: Nombre heure temps partiel | E32: 20 | F32: Heure complémentaire | G32: 0
F33: Salaire Cadre : | H33: Autre : | J33: Par repas 01/01/2024 dans la limite de 2/j ( 4,15 secteur hotel, café, restaurants ou HCR )
A34: Entreprise : | F34: Forfait jour : | G34: Non | I34: Nbre | J34: Taux | L34: Montant
A35: Effectif : | B35: 18 | F35: Si forfait jour, Nbre de jours | G35: 218 | H35: Repas | I35: 0 | J35: 5.35 | L35: =I35*J35 -> 0
A36: hors Alsace Moselle : | B36: Oui | F36: Salaire Cadre Mensuel | H36: Logement
A37: Cotisation transport : | B37: 0.02 | D37: Cotisation : | H37: AN Véhicule au réelle | I37: Non | L37: =IF(I22="Non","",IF(I24="Véhicule électrique Non",IF(I37="Oui",IF(I23="Non",IF(I5<=5,K3,L3),N3),IF(I23="Non",IF(I5<=5,K6,L6),N6)),IF(I37="Oui",IF(I23="Non",IF(I5<=5,K4,L4),N4),IF(I23="Non",IF(I5<=5,K7,L7),N7))))
E38: Forfait : | F38: Part salariale | G38: Part empl | H38: Autre avantage
D39: Complémentaire santé forfait : | E39: 35 | F39: 0.4 | G39: 0.6 | H39: Saisie sur salaire
D40: Prévoyance complémentaire ( décès, invalidité ) | F40: 0.02 | G40: 0.024 | H40: Saisie pension alimentaire
D41: AT/MP | E41: 0.02 | H41: Avances et acomptes
D42: Assurance chômage TA+TB | E42: 0 | F42: Ursaaf cotisation employeur | H42: Panier Repas Jour pour le mois
D43: AGS TA+TB | E43: 0 | H43: Panier Repas Nuit pour le mois
H44: Forfait repas
D45: Prélèvement à la source (PAS) : | E45: 0 | H45: Repas frais réels
H46: Titres Restaurant :
H47: Lorsque la participation de l'employeur excède 60%,
H48: c'est la totalité de cette contribution
H49: qui doit être réintégrée et soumise à côtisations
H50: Valeur TR | I50: 0 | J50: de 11,97 à 14,36€
H51: Valeur Part patronale Tickets restaurant | I51: =I50*K51 -> 0 | J51: Taux patr : | K51: 0 | L51: Entre 50 à 60%
H52: limite pour exonération | I52: 7.18
H53: Nbe TR | I53: 0
A54: https://www.service-public.fr/particuliers/vosdroits/F2918
A55: ou selon CC :
A57: https://reassurez-moi.fr/guide/pro/mutuelle-entreprise/apprenti
A72: https://www.compta-online.com/frais-de-repas-des-salaries-indemnite-panier-repas-ao2365

Sheet Cumul plafond
A1: base de donnée des listes de la ligne 2 à 14
B3: Mois | C3: Salaire | D3: Cumul salaire | E3: Plafond | F3: Cumul plafond | H3: Cumul Tranche 1 | I3: T1 | K3: Cumul T2 | L3: T2
A5: 1 | B5: Janvier | C5: 1766.92 | D5: =C5 -> 1766.92 | E5: 3428 | F5: =E5 -> 3428 | H5: =IF(D5<F5,D5,F5) -> 1766.92 | I5: =IF(D5<F5,D5,F5) -> 1766.92 | K5: =IF(D5<F5,0,D5-F5) -> 0 | L5: =K5 -> 0
A6: 2 | B6: Février | C6: 1766.92 | D6: =C6+D5 -> 3533.84 | E6: 3428 | F6: =E6+F5 -> 6856 | H6: =IF(D6<F6,D6,F6) -> 3533.84 | I6: =H6-H5 -> 1766.92 | K6: =IF(D6<F6,0,D6-F6) -> 0 | L6: =K6-K5 -> 0
A7: 3 | B7: Mars | C7: 1766.92 | D7: =C7+D6 -> 5300.76 | E7: 3428 | F7: =E7+F6 -> 10284 | H7: =IF(D7<F7,D7,F7) -> 5300.76 | I7: =H7-H6 -> 1766.92 | K7: =IF(D7<F7,0,D7-F7) -> 0 | L7: =K7-K6 -> 0
A8: 4 | B8: Avril | C8: 1766.92 | D8: =C8+D7 -> 7067.68 | E8: 3428 | F8: =E8+F7 -> 13712 | H8: =IF(D8<F8,D8,F8) -> 7067.68 | I8: =H8-H7 -> 1766.92 | K8: =IF(D8<F8,0,D8-F8) -> 0 | L8: =K8-K7 -> 0
A9: 5 | B9: Mai | C9: 1766.92 | D9: =C9+D8 -> 8834.6 | E9: 3428 | F9: =E9+F8 -> 17140 | H9: =IF(D9<F9,D9,F9) -> 8834.6 | I9: =H9-H8 -> 1766.92 | K9: =IF(D9<F9,0,D9-F9) -> 0 | L9: =K9-K8 -> 0
A10: 6 | B10: Juin | C10: 1766.92 | D10: =C10+D9 -> 10601.52 | E10: 3428 | F10: =E10+F9 -> 20568 | H10: =IF(D10<F10,D10,F10) -> 10601.52 | I10: =H10-H9 -> 1766.92 | K10: =IF(D10<F10,0,D10-F10) -> 0 | L10: =K10-K9 -> 0
A11: 7 | B11: Juillet | C11: 1766.92 | D11: =C11+D10 -> 12368.44 | E11: 3428 | F11: =E11+F10 -> 23996 | H11: =IF(D11<F11,D11,F11) -> 12368.44 | I11: =H11-H10 -> 1766.92 | K11: =IF(D11<F11,0,D11-F11) -> 0 | L11: =K11-K10 -> 0
A12: 8 | B12: Aout | C12: 1766.92 | D12: =C12+D11 -> 14135.36 | E12: 3428 | F12: =E12+F11 -> 27424 | H12: =IF(D12<F12,D12,F12) -> 14135.36 | I12: =H12-H11 -> 1766.92 | K12: =IF(D12<F12,0,D12-F12) -> 0 | L12: =K12-K11 -> 0
A13: 9 | B13: Septembre | C13: 1766.92 | D13: =C13+D12 -> 15902.28 | E13: 3428 | F13: =E13+F12 -> 30852 | H13: =IF(D13<F13,D13,F13) -> 15902.28 | I13: =H13-H12 -> 1766.92 | K13: =IF(D13<F13,0,D13-F13) -> 0 | L13: =K13-K12 -> 0
A14: 10 | B14: Octobre | C14: 1766.92 | D14: =C14+D13 -> 17669.2 | E14: 3428 | F14: =E14+F13 -> 34280 | H14: =IF(D14<F14,D14,F14) -> 17669.2 | I14: =H14-H13 -> 1766.92 | K14: =IF(D14<F14,0,D14-F14) -> 0 | L14: =K14-K13 -> 0
A15: 11 | B15: Novembre | C15: 1766.92 | D15: =C15+D14 -> 19436.12 | E15: 3428 | F15: =E15+F14 -> 37708 | H15: =IF(D15<F15,D15,F15) -> 19436.12 | I15: =H15-H14 -> 1766.92 | K15: =IF(D15<F15,0,D15-F15) -> 0 | L15: =K15-K14 -> 0
A16: 12 | B16: Décembre | C16: 1766.92 | D16: =C16+D15 -> 21203.04 | E16: 3428 | F16: =E16+F15 -> 41136 | H16: =IF(D16<F16,D16,F16) -> 21203.04 | I16: =H16-H15 -> 1766.92 | K16: =IF(D16<F16,0,D16-F16) -> 0 | L16: =K16-K15 -> 0
D18: =D16 -> 21203.04 | E18: =SUM(E5:E16) -> 41136 | F18: =F16 -> 41136 | H18: =H16 -> 21203.04 | I18: =SUM(I5:I16) -> 21203.04 | K18: =SUM(K5:K16) -> 0 | L18: =SUM(L5:L16) -> 0
O22: Base | P22: Réel fait
B23: Mois | C23: Salaire | D23: Cumul salaire | E23: Plafond | F23: Cumul plafond | H23: Cumul Tranche 1 | I23: T1 | K23: Cumul T2 | L23: T2 | N23: Forfait jour : | O23: =Données!G35 -> 218 | P23: 210
A25: 1 | B25: Janvier | C25: 1766.92 | D25: =C25 -> 1766.92 | E25: 3428 | F25: =E25 -> 3428 | H25: =IF(D25<F25,D25,F25) -> 1766.92 | I25: =IF(D25<F25,D25,F25) -> 1766.92 | K25: =IF(D25<F25,0,D25-F25) -> 0 | L25: =K25 -> 0 | N25: Temps partiel : | O25: =Données!E31 -> 0.57142857
A26: 2 | B26: Février | C26: 1766.92 | D26: =C26+D25 -> 3533.84 | E26: 3428 | F26: =E26+F25 -> 6856 | H26: =IF(D26<F26,D26,F26) -> 3533.84 | I26: =H26-H25 -> 1766.92 | K26: =IF(D26<F26,0,D26-F26) -> 0 | L26: =K26-K25 -> 0 | N26: Nombre d'heure : | O26: =Données!F10 -> 86.668571
A27: 3 | B27: Mars | C27: 1766.92 | D27: =C27+D26 -> 5300.76 | E27: 3428 | F27: =E27+F26 -> 10284 | H27: =IF(D27<F27,D27,F27) -> 5300.76 | I27: =H27-H26 -> 1766.92 | K27: =IF(D27<F27,0,D27-F27) -> 0 | L27: =K27-K26 -> 0 | N27: Salaire de base | O27: =Données!C14 -> 0
A28: 4 | B28: Avril | C28: 1766.92 | D28: =C28+D27 -> 7067.68 | E28: 3428 | F28: =E28+F27 -> 13712 | H28: =IF(D28<F28,D28,F28) -> 7067.68 | I28: =H28-H27 -> 1766.92 | K28: =IF(D28<F28,0,D28-F28) -> 0 | L28: =K28-K27 -> 0 | N28: Salaire modifié | O28: =Données!F12 -> 1009.6686
A29: 5 | B29: Mai | C29: 1766.92 | D29: =C29+D28 -> 8834.6 | E29: 3428 | F29: =E29+F28 -> 17140 | H29: =IF(D29<F29,D29,F29) -> 8834.6 | I29: =H29-H28 -> 1766.92 | K29: =IF(D29<F29,0,D29-F29) -> 0 | L29: =K29-K28 -> 0
A30: 6 | B30: Juin | C30: 1766.92 | D30: =C30+D29 -> 10601.52 | E30: 3428 | F30: =E30+F29 -> 20568 | H30: =IF(D30<F30,D30,F30) -> 10601.52 | I30: =H30-H29 -> 1766.92 | K30: =IF(D30<F30,0,D30-F30) -> 0 | L30: =K30-K29 -> 0 | N30: Tranche T1 | O30: =INDEX(I25:I36,MATCH(MONTH(TODAY()),A25:A36,0)) -> 1766.92
A31: 7 | B31: Juillet | C31: 1766.92 | D31: =C31+D30 -> 12368.44 | E31: 3428 | F31: =E31+F30 -> 23996 | H31: =IF(D31<F31,D31,F31) -> 12368.44 | I31: =H31-H30 -> 1766.92 | K31: =IF(D31<F31,0,D31-F31) -> 0 | L31: =K31-K30 -> 0
A32: 8 | B32: Aout | C32: 1766.92 | D32: =C32+D31 -> 14135.36 | E32: 3428 | F32: =E32+F31 -> 27424 | H32: =IF(D32<F32,D32,F32) -> 14135.36 | I32: =H32-H31 -> 1766.92 | K32: =IF(D32<F32,0,D32-F32) -> 0 | L32: =K32-K31 -> 0
A33: 9 | B33: Septembre | C33: 1766.92 | D33: =C33+D32 -> 15902.28 | E33: 3428 | F33: =E33+F32 -> 30852 | H33: =IF(D33<F33,D33,F33) -> 15902.28 | I33: =H33-H32 -> 1766.92 | K33: =IF(D33<F33,0,D33-F33) -> 0 | L33: =K33-K32 -> 0
A34: 10 | B34: Octobre | C34: 1766.92 | D34: =C34+D33 -> 17669.2 | E34: 3428 | F34: =E34+F33 -> 34280 | H34: =IF(D34<F34,D34,F34) -> 17669.2 | I34: =H34-H33 -> 1766.92 | K34: =IF(D34<F34,0,D34-F34) -> 0 | L34: =K34-K33 -> 0
A35: 11 | B35: Novembre | C35: 1766.92 | D35: =C35+D34 -> 19436.12 | E35: 3428 | F35: =E35+F34 -> 37708 | H35: =IF(D35<F35,D35,F35) -> 19436.12 | I35: =H35-H34 -> 1766.92 | K35: =IF(D35<F35,0,D35-F35) -> 0 | L35: =K35-K34 -> 0
A36: 12 | B36: Décembre | C36: 1766.92 | D36: =C36+D35 -> 21203.04 | E36: 3428 | F36: =E36+F35 -> 41136 | H36: =IF(D36<F36,D36,F36) -> 21203.04 | I36: =H36-H35 -> 1766.92 | K36: =IF(D36<F36,0,D36-F36) -> 0 | L36: =K36-K35 -> 0
D38: =D36 -> 21203.04 | E38: =SUM(E25:E36) -> 41136 | F38: =F36 -> 41136 | H38: =H36 -> 21203.04 | I38: =SUM(I25:I36) -> 21203.04 | K38: =SUM(K25:K36) -> 0 | L38: =SUM(L25:L36) -> 0
F42: Plafond | G42: 3864
F43: PASS | G43: =3864*12 -> 46368
O44: Tableau Temps partiel
F45: Cumul salaire | G45: =D36 -> 21203.04
F46: T1+T2 | G46: =SUM(I25:I36)+SUM(L25:L36) -> 21203.04

Sheet Apprenti
A2: Depuis le 1er janvier 2019 et pour tous les apprentis, le calcul des cotisations sociales ne se fait plus sur la base d'un forfait. | C2: Les cotisations sociales des apprentis sont désormais calculées sur la base du salaire réel des apprentis et l'employeur bénéficie de la réduction générale de cotisations patronales, devenue plus favorable que les anciennes exonérations de cotisations calculées sur le forfait. | E2: Les employeurs d'apprentis bénéficient, depuis le 1er janvier 2019, de la réduction générale de cotisations patronales ou réduction Fillon au taux maximum. L'exonération de charges salariales est maintenue jusqu'à 79% du SMIC. | G2: Les apprentis ne sont assujettis à aucune cotisation salariale lorsque leur rémunération est inférieure à 79 % du Smic. L'instruction précise que lorsque la rémunération dépasse 79 % du Smic, si des heures supplémentaires sont réalisées, l’exonération au titre de ces heures s’applique uniquement sur la part de rémunération supérieure à 79 % du SMIC. L'exonération s'appliquera alors à proportion de la part de la rémunération au titre de ces heures supplémentaires dans le total de la rémunération.
F4: BULLETIN DE PAIE
F6: Employeur : | I6: Période du : 01/07/2024 | K6: au : 31/07/2024
F7: Adresse :
A8: Ursaaf cotisation employeur
F9: N° SIRET : | J9: Paiement :
A10: Panier repas | F10: Code APE/NAF :
F11: Convention collective :
F12: Création :
F13: ="Emploi : " & Données!E28 -> Emploi : Chef comptable | I13: ="Salarié : " & Données!E26 -> Salarié : Madame SUZY
F14: ="Statut : " & Données!E29 -> Statut : Ouvrier | I14: Adresse :
F15: N° Sécuité Sociale :
F16: Contrat n° :
F18: Date d'embauche : | G18: =Données!B28 -> 45200 | H18: Date de Sortie :
H19: Nbre heures | I19: Taux horaire | J19: Montant
F20: Salaire de base | H20: =Données!F10 -> 86.668571 | I20: =Données!F11 -> 6.6571554 | J20: =IF(Données!E29="Apprenti",Données!C13,0) -> 0
F21: =IF(Données!#REF!=0,"","Heure supplémentaire mensualisé") -> #REF! | H21: =IF(Données!#REF!=0,"",Données!#REF!) -> #REF! | I21: =IF(H21="","",Données!I11) -> #REF! | J21: =IF(Données!J11=0,"",Données!J11)
F22: Heures supplémentaires 25% | H22: =IF(Données!G31=0,"",Données!G31) | I22: =IF(H22="","",Données!I12) | J22: =IF(H22="","",Données!J12)
F23: Heures supplémentaires 50% | H23: =IF(Données!#REF!=0,"",Données!#REF!) -> #REF! | I23: =IF(H23="","",Données!I13) -> #REF! | J23: =IF(H23="","",Données!J13) -> #REF!
F25: Absences jours ouvrables/non ouvrables | H25: =IF(Données!G30=0,"",Données!G30) | I25: =IF(H25="","",Données!F11) | J25: =IF(Données!J10="","",Données!J10) -> 0
F26: SALAIRE BRUT : | J26: =SUM(J20:J23)-IF(J25="",0,J25) -> #REF!
F27: Santé | H27: Base | I27: Taux salarial | J27: Montant | K27: Taux Patronal | L27: Montant
F28: Maladie, maternité, invalidité, décès | H28: =J26 -> #REF! | K28: =IF(Données!C13<=(2.5*Données!B23),7%,13%) -> 0.07 | L28: =H28*K28 -> #REF!
F29: Prévoyance complémentaire ( décès, invalidité ) | H29: =IF(Données!F40=0,"",J26) -> #REF! | I29: =IF(Données!F40=0,"",Données!F40) -> 0.02 | J29: =IF(H29="","",H29*I29) -> #REF! | K29: =IF(Données!G40=0,"",Données!G40) -> 0.024 | L29: =IF(H29="","",K29*H29) -> #REF!
F30: Complémentaire santé forfait | H30: =IF(Données!E39=0,"",Données!E39) -> 35 | I30: =IF(Données!E39=0,"",Données!F39) -> 0.4 | J30: =IF(H30="","",H30*I30) -> 14 | K30: =IF(Données!E39=0,"",Données!G39) -> 0.6 | L30: =IF(H30="","",H30*K30) -> 21
F31: Accidents du travail et maladies professionnelles | H31: =J26 -> #REF! | K31: =Données!E41 -> 0.02 | L31: =H31*K31 -> #REF!
F33: Famille
F34: Allocations Familliales | H34: =J26 -> #REF! | K34: =IF(Données!C13<=(3.5*Données!B23),3.45%,5.25%) -> 0.0345 | L34: =H34*K34 -> #REF!
F35: Chômage
F36: Assurance chômage TA+TB | H36: =J26 -> #REF! | K36: =Données!E42 -> 0 | L36: =H36*K36 -> #REF!
F37: AGS TA+TB | H37: =J26 -> #REF! | I37: 0.0025 | K37: 0.0025 | L37: =H37*K37 -> #REF!
F38: Côtisations Retraite
F39: Vielliesse Plafonnée | H39: =J26 -> #REF! | I39: =IF(Données!#REF!="Exonération de cotisation","",6.9%) -> #REF! | J39: =IF(Données!#REF!="Exonération de cotisation","",H39*I39) -> #REF! | K39: 0.0855 | L39: =Données!C13*K39 -> 0
F40: Vielliesse Déplafonnée | H40: =J26 -> #REF! | I40: =IF(Données!#REF!="Exonération de cotisation","",0.4%) -> #REF! | J40: =IF(Données!#REF!="Exonération de cotisation","",H40*I40) -> #REF! | K40: 0.0202 | L40: =Données!C13*K40 -> 0
F41: Retraite T1 | H41: =J26 -> #REF! | I41: =IF(Données!#REF!="Exonération de cotisation","",3.56%) -> #REF! | J41: =IF(Données!#REF!="Exonération de cotisation","",H41*I41) -> #REF! | K41: 0.0533 | L41: =Données!C13*K41 -> 0
F42: CEG (Contribution d'Equilibre Général) T1 | H42: =J26 -> #REF! | I42: =IF(Données!#REF!="Exonération de cotisation","",0.86%) -> #REF! | J42: =IF(Données!#REF!="Exonération de cotisation","",H42*I42) -> #REF! | K42: 0.0129 | L42: =Données!C13*K42 -> 0
F43: Autres contributions
F44: =IF(Données!B35<50,"FNAL (aide au logement) < 50 salariés","FNAL (aide au logement) ≥ 50 salariés") -> FNAL (aide au logement) < 50 salariés | H44: =J26 -> #REF! | I44: =IF(Données!#REF!="Exonération de cotisation","",IF(Données!B35<50,0.1%,0.5%)) -> #REF! | J44: =IF(Données!#REF!="Exonération de cotisation","",H44*I44) -> #REF! | K44: =IF(Données!B35<50,0.1%,0.5%) -> 0.001 | L44: =IF(H44="","",K44*H44) -> #REF!
F45: Contribution au dialogue social | H45: =J26 -> #REF! | K45: 0.00016 | L45: =H45*K45 -> #REF!
F46: Contribution solidarité Autonomie | H46: =J26 -> #REF! | K46: 0.003 | L46: =H46*K46 -> #REF!
F47: Forfait social sur les côtisations patronales de prévoyance et frais de santé >= 11 salariés | H47: =J26 -> #REF! | K47: 0.08 | L47: =IF(Données!B35>=11,H47*K47,0) -> #REF!
F48: =IF(Données!B36="Non","Taxe d'apprentissage hors Alsace Moselle","Taxe d'apprentissage Alsace Moselle") -> Taxe d'apprentissage Alsace Moselle | H48: =J26 -> #REF! | K48: =IF(Données!B36="Non",0.68%,0.44%) -> 0.0044 | L48: =H48*K48 -> #REF!
F49: =IF(Données!B35<11,"Contribution unique à la formation professionnelle entreprise < 11 salariés","Contribution unique à la formation professionnelle entreprise > 11 salariés") -> Contribution unique à la formation professionnelle entreprise > 11 salariés | H49: =J26 -> #REF! | K49: =IF(Données!B35<11,0.55%,1%) -> 0.01 | L49: =H49*K49 -> #REF!
F50: Participation effort construction ≥ 50 salariés | H50: =J26 -> #REF! | K50: 0.01 | L50: =IF(Données!B35>=50,H50*K50,0*H50) -> #REF!
F51: Versement transport ≥ 11 salariés | H51: =J26 -> #REF! | I51: =IF(Données!#REF!="Exonération de cotisation","",2.6%) -> #REF! | J51: =IF(Données!#REF!="Exonération de cotisation","",H51*I51) -> #REF! | K51: =Données!B37 -> 0.02 | L51: =H51*K51 -> #REF!
F52: Allègement côtisations :
F53: Réduction des cotisations ( Ex Fillon ) | H53: =J26 -> #REF! | K53: =(IF(Données!B35<50,0.3194,0.3234)/0.6)*(((1.6*(Données!B23*12))/(H53*12)-1)) -> #REF! | L53: =-(H53*12)*K53% -> #REF!
F54: TEPA < 20 salariés | K54: =IF(Données!B35<20,1.5,0.5) -> 1.5 | L54: =IF(Données!B35<20,-SUM(Données!J11:J13)*K54,0) -> 0
F55: Réduction cotisation salariale sur HS 1,25 | H55: =SUM(Données!J11:J12) -> 0 | I55: 0.1131 | J55: =-H55*I55 -> 0
F56: Réduction cotisation salariale sur HS 1,50 | H56: 0 | I56: 0.1131 | J56: =H56*I56 -> 0
F57: Sous Total : | J57: =SUM(J28:J56) -> #REF! | L57: =SUM(L28:L56) -> #REF!
F58: Primes et indemnités non soumises à cotisations
F59: Panier Repas Jour | H59: =IF(Données!I42=0,"",Données!I42) | I59: =IF(H59="","",Données!#REF!) | J59: =IF(H59="","",H59*I59)
F60: Panier Repas nuit
F61: Forfait repas
F62: Repas frais réels
F63: Prime Fractionnement CP
F64: Retenues :
F65: Tickets Restaurant | H65: =IF(Données!I53=0,"",Données!I50*Données!I53) | I65: =IF(H65="","",Données!I51) | J65: =IF(H65="","",H65*I65)
F66: Déduction TR soumis à cotisations
F67: Avantages en nature à déduire | H67: =IF(Données!I35=0,"",Données!I35) | I67: =IF(Données!J35=0,"",Données!J35) -> 5.35 | J67: =IF(Données!L35=0,"",Données!L35)
F68: Avances et acomptes | J68: =IF(Données!L41=0,"",Données!L41)
F69: =IF(R70="","","Saisie sur salaire")
F70: =IF(R71="","","Saisie pension alimentaire")
F71: Net à payer avant prélèvement à la source | L71: =J26-J57+SUM(J59:J63)-SUM(J65:J69) -> #REF!
F72: dont évolution de la rémunération liées à la suppression des cotisations chômage et maladie | L72: =(H36*3.15%) -> #REF!
F73: Impôt sur le revenu | I73: Base | J73: Taux personnalisé/non personnalisé | L73: Montant
F74: Impôt sur le revenu prélevé à la source | I74: =H75 -> #REF! | J74: 0 | L74: =I74*J74 -> #REF!
F75: Net imposable | H75: =J26-(SUM(J21:J23))-J57+IF(L30="",0,L30) -> #REF! | J75: NET A PAYER
J76: =L71-L74 -> #REF!
I77: Allègement cotisations employeur | L77: =-(L54+L53)+(H34*1.8%)+(J26*6%) -> #REF! | M77: =IF(J26<(1.6*Données!B23),0,0) -> #REF!
I78: coût total employeur | L78: =J26+L57+SUM(J59:J63) -> #REF!
F79: Pour plus d'explications sur les différents termes utilisés, vous pouvez consulter le site : | K79: www.service-public.fr
F80: Conserver ce bulletin sans limitation de durée Pour la définition des termes employés se reporter aux rubriques bulletin de salaire du site internet service public.fr

Sheet Cadre
F4: BULLETIN DE PAIE
F6: Employeur : | I6: Période du : 01/07/2024 | K6: au : 31/07/2024
F7: Adresse :
F9: N° SIRET : | J9: Paiement :
F10: Code APE/NAF :
F11: Convention collective :
F12: Création :
F13: ="Emploi : " & Données!E28 -> Emploi : Chef comptable | I13: ="Salarié : " & Données!E26 -> Salarié : Madame SUZY
F14: ="Statut : " & Données!E29 -> Statut : Ouvrier | I14: Adresse :
F15: N° Sécuité Sociale :
F16: Contrat n° :
F18: Date d'embauche : | G18: =Données!B28 -> 45200 | H18: Date de Sortie :
H19: Nbre heures | I19: Taux horaire | J19: Montant
F20: Salaire de base | H20: =Données!F10 -> 86.668571 | I20: =Données!F11 -> 6.6571554 | J20: =Données!C13 -> 0
F21: =IF(Données!#REF!=0,"","Heure supplémentaire mensualisé") -> #REF! | H21: =IF(Données!#REF!=0,"",Données!#REF!) -> #REF! | I21: =IF(H21="","",Données!I11) -> #REF! | J21: =IF(Données!J11=0,"",Données!J11)
F22: =IF(OR(Données!G30=0,Données!G30=""),"","Heures supplémentaires 25%") | H22: =IF(Données!G31=0,"",Données!G31) | I22: =IF(H22="","",Données!I12) | J22: =IF(H22="","",Données!J12)
F23: =IF(Données!G34="Oui","","Heures supplémentaires 50%") -> Heures supplémentaires 50% | H23: =IF(Données!#REF!=0,"",Données!#REF!) -> #REF! | I23: =IF(H23="","",Données!I13) -> #REF! | J23: =IF(H23="","",Données!J13) -> #REF!
F24: Avantage véhicule | J24: 170
F25: Prime de pénibilité | J25: 50
F26: =IF(OR(Données!G30=0,Données!G30=""),"",Absences jours ouvrables/non ouvrables) | H26: =IF(Données!G30=0,"",Données!G30) | I26: =IF(H26="","",Données!F11) | J26: =IF(Données!J10="","",Données!J10) -> 0
F27: SALAIRE BRUT : | J27: =SUM(J20:J25)-IF(J26="",0,J26) -> #REF!
F28: Santé | H28: Base | I28: Taux salarial | J28: Montant | K28: Taux Patronal | L28: Part employeur
F29: Maladie, maternité, invalidité, décès | H29: =J27 -> #REF! | I29: =IF(J27<(2.5*Données!B23),7%,13%) -> #REF! | J29: =I29*H29 -> #REF! | K29: =IF(Données!C13<=(2.5*Données!B23),7%,13%) -> 0.07 | L29: =H29*K29 -> #REF!
F30: Prévoyance complémentaire ( décès, invalidité ) | H30: =IF(Données!F40=0,"",J27) -> #REF! | I30: =IF(Données!F40=0,"",Données!F40) -> 0.02 | J30: =IF(H30="","",H30*I30) -> #REF! | K30: =IF(Données!G40=0,"",Données!G40) -> 0.024 | L30: =IF(H30="","",K30*H30) -> #REF!
F31: Complémentaire santé forfait | H31: =IF(Données!E39=0,"",Données!E39) -> 35 | I31: =IF(Données!E39=0,"",Données!F39) -> 0.4 | J31: =IF(H31="","",H31*I31) -> 14 | K31: =IF(Données!E39=0,"",Données!G39) -> 0.6 | L31: =IF(H31="","",H31*K31) -> 21
F32: Accidents du travail et maladies professionnelles
H33: =J27 -> #REF! | K33: =Données!E41 -> 0.02 | L33: =H33*K33 -> #REF!
F34: Famille
F35: Allocations Familliales | H35: =J27 -> #REF! | K35: =IF(Données!C13<=(3.5*Données!B23),3.45%,5.25%) -> 0.0345 | L35: =H35*K35 -> #REF!
F36: Chômage
F37: Assurance chômage TA | H37: =IF(J27<=Données!B22,J27,Données!B22) -> #REF! | I37: 0.0405 | J37: =I37*H37 -> #REF! | K37: 0.0405 | L37: =H37*K37 -> #REF!
F38: Assurance chômage TB | H38: =IF(J27<=(4*Données!B22),Données!C13-Données!B22,(4*Données!B22)) -> #REF! | I38: 0.0405 | J38: =I38*H38 -> #REF! | K38: 0.0405 | L38: =K38*H38 -> #REF!
F39: AGS TA+TB | H39: =IF(J27<=(4*Données!B22),J27,(4*Données!B22)) -> #REF! | I39: 0.0025 | J39: =I39*H39 -> #REF! | K39: 0.0025 | L39: =H39*K39 -> #REF!
F40: Côtisations Retraite
F41: CEG (Contribution d'Equilibre Général) T1 | H41: =IF(J27<=Données!B22,J27,Données!B22) -> #REF! | I41: =IF(Données!#REF!="Exonération de cotisation","",0.86%) -> #REF! | J41: =IF(Données!#REF!="Exonération de cotisation","",H41*I41) -> #REF! | K41: 0.0129 | L41: =Données!C13*K41 -> 0
F42: CEG (Contribution d'Equilibre Général) T2 | H42: =IF(J27<=(8*Données!B22),Données!C13-Données!B22,(8*Données!B22)) -> #REF! | I42: 0.0108 | J42: =I42*H42 -> #REF! | K42: 0.0162 | L42: =K42*H42 -> #REF!
F43: Retraite T1 | H43: =IF(J27<=Données!B22,J27,Données!B22) -> #REF! | I43: =IF(Données!#REF!="Exonération de cotisation","",3.56%) -> #REF! | J43: =IF(Données!#REF!="Exonération de cotisation","",H43*I43) -> #REF! | K43: 0.0533 | L43: =Données!C13*K43 -> 0
F44: Retraite T2 | H44: =IF(J27<=(8*Données!B22),Données!C13-Données!B22,(8*Données!B22)) -> #REF! | I44: 0.0864 | J44: =I44*H44 -> #REF! | K44: 0.1295 | L44: =K44*H44 -> #REF!
F45: APEC cadre T1 | H45: =IF(J27<=Données!B22,J27,Données!B22) -> #REF! | I45: 0.00024 | J45: =I45*H45 -> #REF! | K45: 0.00036 | L45: =K45*H45 -> #REF!
F46: APEC cadre T2 | H46: =IF(J27<=(8*Données!B22),Données!C13-Données!B22,(8*Données!B22)) -> #REF! | I46: 0.00024 | J46: =I46*H46 -> #REF! | K46: 0.00036 | L46: =K46*H46 -> #REF!
F47: Prévoyance Cadre TA | H47: =IF(J27<=Données!B22,J27,Données!B22) -> #REF! | I47: 0.02 | J47: =I47*H47 -> #REF! | K47: 0.024 | L47: =K47*H47 -> #REF!
F48: =IF(Données!C13>Données!B22,"Contribution d'équilibre Technique CET","") | H48: =IF(J27<=(8*Données!B22),IF(F48="","",SUM(H43:H44)),8*Données!B22) -> #REF! | I48: =IF(H48="","",0.14%) -> #REF! | J48: =IF(H48="","",I48*H48) -> #REF! | K48: =IF(H48="","",0.21%) -> #REF! | L48: =IF(H48="","",K48*H48) -> #REF!
F49: Autres contributions
F50: CSG non déductible | I50: 0.024
F51: CSG déductible | I51: 0.068
F52: =IF(Données!B35<50,"FNAL (aide au logement) < 50 salariés","FNAL (aide au logement) ≥ 50 salariés") -> FNAL (aide au logement) < 50 salariés | H52: =J27 -> #REF! | I52: =IF(Données!#REF!="Exonération de cotisation","",IF(Données!B35<50,0.1%,0.5%)) -> #REF! | J52: =IF(Données!#REF!="Exonération de cotisation","",H52*I52) -> #REF! | K52: =IF(Données!B35<50,0.1%,0.5%) -> 0.001 | L52: =IF(H52="","",K52*H52) -> #REF!
F53: Vielliesse Plafonnée | H53: =IF(J27<=Données!B22,J27,Données!B22) -> #REF! | I53: =IF(Données!#REF!="Exonération de cotisation","",6.9%) -> #REF! | J53: =IF(Données!#REF!="Exonération de cotisation","",H53*I53) -> #REF! | K53: 0.0855 | L53: =Données!C13*K53 -> 0
F54: Vielliesse Déplafonnée | H54: =J27 -> #REF! | I54: =IF(Données!#REF!="Exonération de cotisation","",0.4%) -> #REF! | J54: =IF(Données!#REF!="Exonération de cotisation","",H54*I54) -> #REF! | K54: 0.0202 | L54: =Données!C13*K54 -> 0
F55: Contribution au dialogue social | H55: =J27 -> #REF! | J55: =I55*H55 -> #REF! | K55: 0.00016 | L55: =H55*K55 -> #REF!
F56: Contribution solidarité Autonomie | H56: =J27 -> #REF! | J56: =I56*H56 -> #REF! | K56: 0.003 | L56: =H56*K56 -> #REF!
F57: Forfait social sur les côtisations patronales de prévoyance et frais de santé >= 11 salariés | H57: =L30 -> #REF! | K57: 0.08 | L57: =IF(Données!B35>=11,H57*K57,0) -> #REF!
F58: =IF(Données!B36="Non","Taxe d'apprentissage hors Alsace Moselle","Taxe d'apprentissage Alsace Moselle") -> Taxe d'apprentissage Alsace Moselle | H58: =J27 -> #REF! | K58: =IF(Données!B36="Non",0.68%,0.44%) -> 0.0044 | L58: =H58*K58 -> #REF!
F59: =IF(Données!B35<11,"Contribution unique à la formation professionnelle entreprise < 11 salariés","Contribution unique à la formation professionnelle entreprise > 11 salariés") -> Contribution unique à la formation professionnelle entreprise > 11 salariés | H59: =J27 -> #REF! | K59: =IF(Données!B35<11,0.55%,1%) -> 0.01 | L59: =H59*K59 -> #REF!
F60: Participation effort construction ≥ 50 salariés | H60: =J27 -> #REF! | K60: 0.01 | L60: =IF(Données!B35>=50,H60*K60,0*H60) -> #REF!
F61: Versement transport ≥ 11 salariés | H61: =J27 -> #REF! | I61: =IF(Données!#REF!="Exonération de cotisation","",2.6%) -> #REF! | J61: =IF(Données!#REF!="Exonération de cotisation","",H61*I61) -> #REF! | K61: =Données!B37 -> 0.02 | L61: =H61*K61 -> #REF!
F62: =IF(Données!B35>=250,"contribution supplémentaire à l'apprentissage >= 250 salarié","")
F63: Allègement côtisations :
F64: Réduction des cotisations ( Ex Fillon ) | H64: =IF(J27<(1.6*Données!B23),J27,"") -> #REF! | K64: =IF(J27<(1.6*Données!B23),((IF(Données!B35<50,0.3194,0.3234))/0.6)*(((1.6*(Données!B23*12))/(J27*12)-1)),0) -> #REF! | L64: =IF(J27<(1.6*Données!B23),-(H64*12)*K64%,0) -> #REF!
F65: TEPA < 20 salariés | K65: =IF(Données!B35<20,1.5,0.5) -> 1.5 | L65: =IF(Données!B35<20,-SUM(Données!J11:J13)*K65,0) -> 0
F66: =IF(Données!G34="Oui","","Réduction cotisation salariale sur HS 1,25") -> Réduction cotisation salariale sur HS 1,25 | H66: =IF(F67="","",SUM(Données!J11:J12)) -> 0 | I66: =IF(H66="","",11.31%) -> 0.1131 | J66: =IF(H66="","",-H66*I66) -> 0
F67: =IF(Données!G34="Oui","","Réduction cotisation salariale sur HS 1,50") -> Réduction cotisation salariale sur HS 1,50 | H67: =IF(F67="","",H22) | I67: =IF(H67="","",11.31%) | J67: =IF(H67="","",-H67*I67)
F68: Sous Total : | J68: =SUM(J29:J67) -> #REF! | L68: =SUM(L29:L67) -> #REF!
F69: Primes et indemnités non soumises à cotisations
F70: Panier Repas Jour | H70: =IF(Données!I42=0,"",Données!I42) | I70: =IF(H70="","",Données!#REF!) | J70: =IF(H70="","",-H70*I70)
F71: Forfait repas
F72: Repas frais réels
F73: Prime Fractionnement CP
F74: Retenues :
F75: Tickets Restaurant | H75: =IF(Données!I53=0,"",Données!I50*Données!I53) | I75: =IF(H75="","",Données!I51) | J75: =IF(H75="","",H75*I75)
F76: Déduction TR soumis à cotisations
F77: Avantages en nature à déduire | H77: =IF(Données!I35=0,"",Données!I35) | I77: =IF(Données!J35=0,"",Données!J35) -> 5.35 | J77: =IF(Données!L35=0,"",Données!L35)
F78: Avances et acomptes | J78: =IF(Données!L41=0,"",Données!L41)
F79: =IF(R80="","","Saisie sur salaire")
F80: =IF(R81="","","Saisie pension alimentaire")
F81: Net à payer avant prélèvement à la source | L81: =J27-J68+SUM(J70:J73)-SUM(J75:J79) -> #REF!
F82: dont évolution de la rémunération liées à la suppression des cotisations chômage et maladie | L82: =(H37*3.15%) -> #REF!
F83: Impôt sur le revenu | I83: Base | J83: Taux personnalisé/non personnalisé | L83: Montant
F84: Impôt sur le revenu prélevé à la source | I84: =H85 -> #REF! | J84: =Données!E45 -> 0 | L84: =I84*J84 -> #REF!
F85: Net imposable | H85: =J27-(SUM(J21:J23))-J68+IF(L31="",0,L31) -> #REF! | J85: NET A PAYER
J86: =L81-L84 -> #REF!
I87: Allègement cotisations employeur | L87: =-(L65+L64)+(H35*1.8%)+(J27*6%) -> #REF!
I88: coût total employeur | L88: =J27+L68+SUM(J70:J73) -> #REF!
F89: Pour plus d'explications sur les différents termes utilisés, vous pouvez consulter le site : | K89: www.service-public.fr
F90: Conserver ce bulletin sans limitation de durée Pour la définition des termes employés se reporter aux rubriques bulletin de salaire du site internet service public.fr

Sheet Contrat pro
F4: BULLETIN DE PAIE
F6: Employeur : | I6: Période du : 01/04/2020 | J6: au
F7: Adresse :
F9: N° SIRET : | J9: Paiement :
F10: Code APE/NAF :
F11: Convention collective :
F12: Création :
F13: Emploi : | I13: Salarié :
F14: Statut : | I14: Adresse :
F15: Classification :
F16: N° Sécuité Sociale :
F17: Contrat :
F18: Date d'embauche : | G18: =Données!I11 -> 8.3214443 | H18: Date de Sortie :
H19: Nbre heures | I19: Taux horaire | J19: Montant
F20: Salaire de base | H20: =Données!#REF! -> #REF! | I20: =Données!#REF! -> #REF! | J20: =Données!#REF! -> #REF!
F23: Heures supplémentaires 25% | H23: =Données!#REF! -> #REF! | I23: =Données!#REF! -> #REF! | J23: =H23*I23 -> #REF!
F24: Heures supplémentaires 50% | H24: =Données!#REF! -> #REF! | I24: =Données!#REF! -> #REF! | J24: =H24*I24 -> #REF!
F26: Absences jours ouvrables/non ouvrables | H26: =Données!#REF! -> #REF! | I26: =Données!#REF! -> #REF! | J26: =Données!#REF! -> #REF!
F27: SALAIRE BRUT :
F28: Santé | H28: Base | I28: Taux salarial | J28: Montant | K28: Taux Patronal | L28: Montant
F29: Maladie, maternité, invalidité, décès | H29: =Données!#REF! -> #REF! | K29: =IF(Données!#REF!<=(2.5*Données!B24),7%,13%) -> #REF! | L29: =H29*K29 -> #REF!
F30: Prévoyance non cadre (non obligatoire) | J30: =H30*I30 -> 0 | L30: =H30*K30 -> 0
F31: Complémentaire santé forfait | H31: =Données!E41 -> 0.02 | I31: =Données!F41 -> 0 | J31: =H31*I31 -> 0 | K31: =Données!G41 -> 0 | L31: =H31*K31 -> 0
F32: Accidents du travail et maladies professionnelles | H32: =Données!#REF! -> #REF! | K32: =Données!E42 -> 0 | L32: =H32*K32 -> #REF!
F34: Famille
F35: Allocations Familliales | H35: =Données!#REF! -> #REF! | K35: =IF(Données!#REF!<=(3.5*Données!B24),3.45%,5.25%) -> #REF! | L35: =H35*K35 -> #REF!
F36: Chômage
F37: Assurance chômage TA+TB | H37: =Données!#REF! -> #REF! | K37: =Données!E43 -> 0 | L37: =H37*K37 -> #REF!
F38: AGS TA+TB | H38: =Données!#REF! -> #REF! | K38: =Données!#REF! -> #REF! | L38: =H38*K38 -> #REF!
F39: Côtisations Retraite
F40: Vielliesse Plafonnée | H40: =Données!#REF! -> #REF! | I40: 0.069 | J40: =IF(Données!D37="Exonération de cotisation",0,H40*I40) -> #REF! | K40: 0.0855 | L40: =Données!#REF!*K40 -> #REF!
F41: Vielliesse Déplafonnée | H41: =Données!#REF! -> #REF! | I41: 0.004 | J41: =IF(Données!D37="Exonération de cotisation",0,H41*I41) -> #REF! | K41: 0.0202 | L41: =Données!#REF!*K41 -> #REF!
F42: Retraite T1 | H42: =Données!#REF! -> #REF! | I42: 0.0315 | J42: =IF(Données!D37="Exonération de cotisation",0,H42*I42) -> #REF! | K42: 0.0472 | L42: =Données!#REF!*K42 -> #REF!
F43: CEG (Contribution d'Equilibre Général) T1 | H43: =Données!#REF! -> #REF! | I43: 0.0086 | J43: =IF(Données!D37="Exonération de cotisation",0,H43*I43) -> #REF! | K43: 0.0129 | L43: =Données!#REF!*K43 -> #REF!
F44: Autres contributions
F45: FNAL (aide au logement) - <50 salariés | H45: =IF(Données!B36<50,Données!#REF!,0) -> 0 | K45: 0.001 | L45: =K45*H45 -> 0
F46: FNAL (aide au logement)- >=50 salariés | H46: =IF(Données!B36>=50,Données!#REF!,0) -> #REF! | K46: 0.005 | L46: =H46*K46 -> #REF!
F47: Contribution au dialogue social | H47: =Données!#REF! -> #REF! | K47: 0.00016 | L47: =H47*K47 -> #REF!
F48: Contribution solidarité Autonomie | H48: =Données!#REF! -> #REF! | K48: 0.003 | L48: =H48*K48 -> #REF!
F49: Forfait social sur les côtisations patronales de prévoyance et frais de santé >= 11 salariés | H49: =Données!#REF! -> #REF! | K49: 0.08 | L49: =IF(Données!B36>=11,H49*K49,0) -> #REF!
F50: =IF(Données!B37="Non","Taxe d'apprentissage hors Alsace Moselle","Taxe d'apprentissage Alsace Moselle") -> Taxe d'apprentissage Alsace Moselle | H50: =Données!#REF! -> #REF! | K50: =IF(Données!B37="Non",0.68%,0.44%) -> 0.0044 | L50: =H50*K50 -> #REF!
F51: =IF(Données!B36<11,"Contribution unique à la formation professionnelle entreprise <11 salariés","Contribution unique à la formation professionnelle entreprise >11 salariés") -> Contribution unique à la formation professionnelle entreprise >11 salariés | H51: 909.71 | K51: =IF(Données!B36<11,0.55%,1%) -> 0.01 | L51: =H51*K51 -> 9.0971
F52: Participation effort construction >=50 salariés | H52: 909.71 | K52: 0.01 | L52: =IF(Données!B36>=50,H52*K52,0*H52) -> 9.0971
F53: Versement transport (>=11 salariés) | H53: 909.71 | K53: 0.01 | L53: =H53*K53 -> 9.0971
F57: Allègement côtisations :
F58: Réduction Fillon | K58: =(IF(Données!#REF!<50,0.3191,0.3231)/0.6)*((1.6*(Données!B24*12)/(Données!#REF!*12))-1)% -> #REF! | L58: =-K58*(Données!#REF!*12) -> #REF!
F59: TEPA | K59: =IF(Données!B36<20,-1.5%,-0.5%) -> -0.005 | L59: =SUM(Données!#REF!)*K59 -> #REF!
F60: Réduction cotisation salariale sur HS 1,25 | H60: =Bulletin!#REF! -> #REF! | I60: 0.1131 | J60: =H60*I60 -> #REF!
F61: Réduction cotisation salariale sur HS 1,50 | H61: =Bulletin!#REF! -> #REF! | I61: 0.1131 | J61: =H61*I61 -> #REF!
F62: Sous Total : | J62: =SUM(J28:J60) -> #REF! | L62: =SUM(L28:L58) -> #REF!
F64: Primes et indemnités non soumises à cotisations
F65: Panier Repas Jour | H65: =Données!I43 -> 0 | I65: =Données!J43 -> 0 | J65: =H65*I65 -> 0
F66: Panier Repas nuit | J66: =H66*I66 -> 0
F67: Forfait repas | J67: =H67*I67 -> 0
F68: Repas frais réels | J68: =H68*I68 -> 0
F69: Prime Fractionnement CP
F70: Retenues :
F71: Tickets Restaurant | H71: =Données!I51*Données!J65 -> 0 | I71: 0.5 | J71: =H71*I71 -> 0
F72: Déduction TR soumis à cotisations
F73: Avantages en nature à déduire | H73: =Données!J39 -> 0 | I73: =Données!K39 -> 0 | J73: =IF(Données!L39>0,Données!L39,0) -> 0
F74: Saisie sur salaire | J74: =Données!L40 -> 0
F75: Saisie pension alimentaire | J75: =Données!L41 -> 0
F76: Avances et acomptes | J76: =Données!#REF! -> #REF!
F77: Net à payer avant prélèvement à la source | L77: =Données!#REF!-J62+SUM(J65:J69)-SUM(J71:J76) -> #REF!
F78: dont évolution de la rémunération liées à la suppression des cotisations chômage et maladie | L78: =(H37*3.15%) -> #REF!
F79: Impôt sur le revenu | I79: Base | J79: Taux personnalisé/non personnalisé | L79: Montant
F80: Impôt sur le revenu prélevé à la source | I80: =H81 -> #REF! | J80: 0 | L80: =I80*J80 -> #REF!
F81: Net imposable | H81: =Données!#REF!-(SUM(Données!H13:H31))-J62+L31 -> #REF! | J81: NET A PAYER
J82: =L77-L80 -> #REF!
I83: Allègement cotisations employeur | L83: =-L58-L57+(H34*1.8%)+(H28*6%) -> #REF!
I84: coût total employeur | L84: =SALBRUT+L62+SUM(J65:J69) -> #REF!
F85: Pour plus d'explications sur les différents termes utilisés, vous pouvez consulter le site : | K85: www.service-public.fr
F86: Conserver ce bulletin sans limitation de durée Pour la définition des termes employés se reporter aux rubriques bulletin de salaire du site internet service public.fr

Sheet CDD
F4: BULLETIN DE PAIE
F6: Employeur : | I6: Période du : 01/04/2020 | J6: au
F7: Adresse :
F9: N° SIRET : | J9: Paiement :
F10: Code APE/NAF :
F11: Convention collective :
F12: Création :
F13: Emploi : | I13: Salarié :
F14: Statut : | I14: Adresse :
F15: Classification :
F16: N° Sécuité Sociale :
F17: Contrat :
F18: Date d'embauche : | G18: =Données!I11 -> 8.3214443 | H18: Date de Sortie :
H19: Nbre heures | I19: Taux horaire | J19: Montant
F20: Salaire de base | H20: =Données!#REF! -> #REF! | I20: =Données!#REF! -> #REF! | J20: =Données!#REF! -> #REF!
F23: Heures supplémentaires 25% | H23: =Données!#REF! -> #REF! | I23: =Données!#REF! -> #REF! | J23: =H23*I23 -> #REF!
F24: Heures supplémentaires 50% | H24: =Données!#REF! -> #REF! | I24: =Données!#REF! -> #REF! | J24: =H24*I24 -> #REF!
F26: Absences jours ouvrables/non ouvrables | H26: =Données!#REF! -> #REF! | I26: =Données!#REF! -> #REF! | J26: =Données!#REF! -> #REF!
F27: SALAIRE BRUT :
F28: Santé | H28: Base | I28: Taux salarial | J28: Montant | K28: Taux Patronal | L28: Montant
F29: Maladie, maternité, invalidité, décès | H29: =Données!#REF! -> #REF! | K29: =IF(Données!#REF!<=(2.5*Données!B24),7%,13%) -> #REF! | L29: =H29*K29 -> #REF!
F30: Prévoyance non cadre (non obligatoire) | J30: =H30*I30 -> 0 | L30: =H30*K30 -> 0
F31: Complémentaire santé forfait | H31: =Données!E41 -> 0.02 | I31: =Données!F41 -> 0 | J31: =H31*I31 -> 0 | K31: =Données!G41 -> 0 | L31: =H31*K31 -> 0
F32: Accidents du travail et maladies professionnelles | H32: =Données!#REF! -> #REF! | K32: =Données!E42 -> 0 | L32: =H32*K32 -> #REF!
F34: Famille
F35: Allocations Familliales | H35: =Données!#REF! -> #REF! | K35: =IF(Données!#REF!<=(3.5*Données!B24),3.45%,5.25%) -> #REF! | L35: =H35*K35 -> #REF!
F36: Chômage
F37: Assurance chômage TA+TB | H37: =Données!#REF! -> #REF! | K37: =Données!E43 -> 0 | L37: =H37*K37 -> #REF!
F38: AGS TA+TB | H38: =Données!#REF! -> #REF! | K38: =Données!#REF! -> #REF! | L38: =H38*K38 -> #REF!
F39: Côtisations Retraite
F40: Vielliesse Plafonnée | H40: =Données!#REF! -> #REF! | I40: 0.069 | J40: =IF(Données!D37="Exonération de cotisation",0,H40*I40) -> #REF! | K40: 0.0855 | L40: =Données!#REF!*K40 -> #REF!
F41: Vielliesse Déplafonnée | H41: =Données!#REF! -> #REF! | I41: 0.004 | J41: =IF(Données!D37="Exonération de cotisation",0,H41*I41) -> #REF! | K41: 0.0202 | L41: =Données!#REF!*K41 -> #REF!
F42: Retraite T1 | H42: =Données!#REF! -> #REF! | I42: 0.0315 | J42: =IF(Données!D37="Exonération de cotisation",0,H42*I42) -> #REF! | K42: 0.0472 | L42: =Données!#REF!*K42 -> #REF!
F43: CEG (Contribution d'Equilibre Général) T1 | H43: =Données!#REF! -> #REF! | I43: 0.0086 | J43: =IF(Données!D37="Exonération de cotisation",0,H43*I43) -> #REF! | K43: 0.0129 | L43: =Données!#REF!*K43 -> #REF!
F44: Autres contributions
F45: FNAL (aide au logement) - <50 salariés | H45: =IF(Données!B36<50,Données!#REF!,0) -> 0 | K45: 0.001 | L45: =K45*H45 -> 0
F46: FNAL (aide au logement)- >=50 salariés | H46: =IF(Données!B36>=50,Données!#REF!,0) -> #REF! | K46: 0.005 | L46: =H46*K46 -> #REF!
F47: Contribution au dialogue social | H47: =Données!#REF! -> #REF! | K47: 0.00016 | L47: =H47*K47 -> #REF!
F48: Contribution solidarité Autonomie | H48: =Données!#REF! -> #REF! | K48: 0.003 | L48: =H48*K48 -> #REF!
F49: Forfait social sur les côtisations patronales de prévoyance et frais de santé >= 11 salariés | H49: =Données!#REF! -> #REF! | K49: 0.08 | L49: =IF(Données!B36>=11,H49*K49,0) -> #REF!
F50: =IF(Données!B37="Non","Taxe d'apprentissage hors Alsace Moselle","Taxe d'apprentissage Alsace Moselle") -> Taxe d'apprentissage Alsace Moselle | H50: =Données!#REF! -> #REF! | K50: =IF(Données!B37="Non",0.68%,0.44%) -> 0.0044 | L50: =H50*K50 -> #REF!
F51: =IF(Données!B36<11,"Contribution unique à la formation professionnelle entreprise <11 salariés","Contribution unique à la formation professionnelle entreprise >11 salariés") -> Contribution unique à la formation professionnelle entreprise >11 salariés | H51: 909.71 | K51: =IF(Données!B36<11,0.55%,1%) -> 0.01 | L51: =H51*K51 -> 9.0971
F52: Participation effort construction >=50 salariés | H52: 909.71 | K52: 0.01 | L52: =IF(Données!B36>=50,H52*K52,0*H52) -> 9.0971
F53: Versement transport (>=11 salariés) | H53: 909.71 | K53: 0.01 | L53: =H53*K53 -> 9.0971
F57: Allègement côtisations :
F58: Réduction Fillon | K58: =(IF(Données!#REF!<50,0.3191,0.3231)/0.6)*((1.6*(Données!B24*12)/(Données!#REF!*12))-1)% -> #REF! | L58: =-K58*(Données!#REF!*12) -> #REF!
F59: TEPA | K59: =IF(Données!B36<20,-1.5%,-0.5%) -> -0.005 | L59: =SUM(Données!#REF!)*K59 -> #REF!
F60: Réduction cotisation salariale sur HS 1,25 | H60: =Bulletin!#REF! -> #REF! | I60: 0.1131 | J60: =H60*I60 -> #REF!
F61: Réduction cotisation salariale sur HS 1,50 | H61: =Bulletin!#REF! -> #REF! | I61: 0.1131 | J61: =H61*I61 -> #REF!
F62: Sous Total : | J62: =SUM(J28:J60) -> #REF! | L62: =SUM(L28:L58) -> #REF!
F64: Primes et indemnités non soumises à cotisations
F65: Panier Repas Jour | H65: =Données!I43 -> 0 | I65: =Données!J43 -> 0 | J65: =H65*I65 -> 0
F66: Panier Repas nuit | J66: =H66*I66 -> 0
F67: Forfait repas | J67: =H67*I67 -> 0
F68: Repas frais réels | J68: =H68*I68 -> 0
F69: Prime Fractionnement CP
F70: Retenues :
F71: Tickets Restaurant | H71: =Données!I51*Données!J65 -> 0 | I71: 0.5 | J71: =H71*I71 -> 0
F72: Déduction TR soumis à cotisations
F73: Avantages en nature à déduire | H73: =Données!J39 -> 0 | I73: =Données!K39 -> 0 | J73: =IF(Données!L39>0,Données!L39,0) -> 0
F74: Saisie sur salaire | J74: =Données!L40 -> 0
F75: Saisie pension alimentaire | J75: =Données!L41 -> 0
F76: Avances et acomptes | J76: =Données!#REF! -> #REF!
F77: Net à payer avant prélèvement à la source | L77: =Données!#REF!-J62+SUM(J65:J69)-SUM(J71:J76) -> #REF!
F78: dont évolution de la rémunération liées à la suppression des cotisations chômage et maladie | L78: =(H37*3.15%) -> #REF!
F79: Impôt sur le revenu | I79: Base | J79: Taux personnalisé/non personnalisé | L79: Montant
F80: Impôt sur le revenu prélevé à la source | I80: =H81 -> #REF! | J80: 0 | L80: =I80*J80 -> #REF!
F81: Net imposable | H81: =Données!#REF!-(SUM(Données!H13:H31))-J62+L31 -> #REF! | J81: NET A PAYER
J82: =L77-L80 -> #REF!
I83: Allègement cotisations employeur | L83: =-L58-L57+(H34*1.8%)+(H28*6%) -> #REF!
I84: coût total employeur | L84: =SALBRUT+L62+SUM(J65:J69) -> #REF!
F85: Pour plus d'explications sur les différents termes utilisés, vous pouvez consulter le site : | K85: www.service-public.fr
F86: Conserver ce bulletin sans limitation de durée Pour la définition des termes employés se reporter aux rubriques bulletin de salaire du site internet service public.fr

Sheet Intérim
F4: BULLETIN DE PAIE
F6: Employeur : | I6: Période du : 01/04/2020 | J6: au
F7: Adresse :
F9: N° SIRET : | J9: Paiement :
F10: Code APE/NAF :
F11: Convention collective :
F12: Création :
F13: Emploi : | I13: Salarié :
F14: Statut : | I14: Adresse :
F15: Classification :
F16: N° Sécuité Sociale :
F17: Contrat :
F18: Date d'embauche : | G18: =Données!I11 -> 8.3214443 | H18: Date de Sortie :
H19: Nbre heures | I19: Taux horaire | J19: Montant
F20: Salaire de base | H20: =Données!#REF! -> #REF! | I20: =Données!#REF! -> #REF! | J20: =Données!#REF! -> #REF!
F23: Heures supplémentaires 25% | H23: =Données!#REF! -> #REF! | I23: =Données!#REF! -> #REF! | J23: =H23*I23 -> #REF!
F24: Heures supplémentaires 50% | H24: =Données!#REF! -> #REF! | I24: =Données!#REF! -> #REF! | J24: =H24*I24 -> #REF!
F26: Absences jours ouvrables/non ouvrables | H26: =Données!#REF! -> #REF! | I26: =Données!#REF! -> #REF! | J26: =Données!#REF! -> #REF!
F27: SALAIRE BRUT :
F28: Santé | H28: Base | I28: Taux salarial | J28: Montant | K28: Taux Patronal | L28: Montant
F29: Maladie, maternité, invalidité, décès | H29: =Données!#REF! -> #REF! | K29: =IF(Données!#REF!<=(2.5*Données!B24),7%,13%) -> #REF! | L29: =H29*K29 -> #REF!
F30: Prévoyance non cadre (non obligatoire) | J30: =H30*I30 -> 0 | L30: =H30*K30 -> 0
F31: Complémentaire santé forfait | H31: =Données!E41 -> 0.02 | I31: =Données!F41 -> 0 | J31: =H31*I31 -> 0 | K31: =Données!G41 -> 0 | L31: =H31*K31 -> 0
F32: Accidents du travail et maladies professionnelles | H32: =Données!#REF! -> #REF! | K32: =Données!E42 -> 0 | L32: =H32*K32 -> #REF!
F34: Famille
F35: Allocations Familliales | H35: =Données!#REF! -> #REF! | K35: =IF(Données!#REF!<=(3.5*Données!B24),3.45%,5.25%) -> #REF! | L35: =H35*K35 -> #REF!
F36: Chômage
F37: Assurance chômage TA+TB | H37: =Données!#REF! -> #REF! | K37: =Données!E43 -> 0 | L37: =H37*K37 -> #REF!
F38: AGS TA+TB | H38: =Données!#REF! -> #REF! | K38: =Données!#REF! -> #REF! | L38: =H38*K38 -> #REF!
F39: Côtisations Retraite
F40: Vielliesse Plafonnée | H40: =Données!#REF! -> #REF! | I40: 0.069 | J40: =IF(Données!D37="Exonération de cotisation",0,H40*I40) -> #REF! | K40: 0.0855 | L40: =Données!#REF!*K40 -> #REF!
F41: Vielliesse Déplafonnée | H41: =Données!#REF! -> #REF! | I41: 0.004 | J41: =IF(Données!D37="Exonération de cotisation",0,H41*I41) -> #REF! | K41: 0.0202 | L41: =Données!#REF!*K41 -> #REF!
F42: Retraite T1 | H42: =Données!#REF! -> #REF! | I42: 0.0315 | J42: =IF(Données!D37="Exonération de cotisation",0,H42*I42) -> #REF! | K42: 0.0472 | L42: =Données!#REF!*K42 -> #REF!
F43: CEG (Contribution d'Equilibre Général) T1 | H43: =Données!#REF! -> #REF! | I43: 0.0086 | J43: =IF(Données!D37="Exonération de cotisation",0,H43*I43) -> #REF! | K43: 0.0129 | L43: =Données!#REF!*K43 -> #REF!
F44: Autres contributions
F45: FNAL (aide au logement) - <50 salariés | H45: =IF(Données!B36<50,Données!#REF!,0) -> 0 | K45: 0.001 | L45: =K45*H45 -> 0
F46: FNAL (aide au logement)- >=50 salariés | H46: =IF(Données!B36>=50,Données!#REF!,0) -> #REF! | K46: 0.005 | L46: =H46*K46 -> #REF!
F47: Contribution au dialogue social | H47: =Données!#REF! -> #REF! | K47: 0.00016 | L47: =H47*K47 -> #REF!
F48: Contribution solidarité Autonomie | H48: =Données!#REF! -> #REF! | K48: 0.003 | L48: =H48*K48 -> #REF!
F49: Forfait social sur les côtisations patronales de prévoyance et frais de santé >= 11 salariés | H49: =Données!#REF! -> #REF! | K49: 0.08 | L49: =IF(Données!B36>=11,H49*K49,0) -> #REF!
F50: =IF(Données!B37="Non","Taxe d'apprentissage hors Alsace Moselle","Taxe d'apprentissage Alsace Moselle") -> Taxe d'apprentissage Alsace Moselle | H50: =Données!#REF! -> #REF! | K50: =IF(Données!B37="Non",0.68%,0.44%) -> 0.0044 | L50: =H50*K50 -> #REF!
F51: =IF(Données!B36<11,"Contribution unique à la formation professionnelle entreprise <11 salariés","Contribution unique à la formation professionnelle entreprise >11 salariés") -> Contribution unique à la formation professionnelle entreprise >11 salariés | H51: 909.71 | K51: =IF(Données!B36<11,0.55%,1%) -> 0.01 | L51: =H51*K51 -> 9.0971
F52: Participation effort construction >=50 salariés | H52: 909.71 | K52: 0.01 | L52: =IF(Données!B36>=50,H52*K52,0*H52) -> 9.0971
F53: Versement transport (>=11 salariés) | H53: 909.71 | K53: 0.01 | L53: =H53*K53 -> 9.0971
F57: Allègement côtisations :
F58: Réduction Fillon | K58: =(IF(Données!#REF!<50,0.3191,0.3231)/0.6)*((1.6*(Données!B24*12)/(Données!#REF!*12))-1)% -> #REF! | L58: =-K58*(Données!#REF!*12) -> #REF!
F59: TEPA | K59: =IF(Données!B36<20,-1.5%,-0.5%) -> -0.005 | L59: =SUM(Données!#REF!)*K59 -> #REF!
F60: Réduction cotisation salariale sur HS 1,25 | H60: =Bulletin!#REF! -> #REF! | I60: 0.1131 | J60: =H60*I60 -> #REF!
F61: Réduction cotisation salariale sur HS 1,50 | H61: =Bulletin!#REF! -> #REF! | I61: 0.1131 | J61: =H61*I61 -> #REF!
F62: Sous Total : | J62: =SUM(J28:J60) -> #REF! | L62: =SUM(L28:L58) -> #REF!
F64: Primes et indemnités non soumises à cotisations
F65: Panier Repas Jour | H65: =Données!I43 -> 0 | I65: =Données!J43 -> 0 | J65: =H65*I65 -> 0
F66: Panier Repas nuit | J66: =H66*I66 -> 0
F67: Forfait repas | J67: =H67*I67 -> 0
F68: Repas frais réels | J68: =H68*I68 -> 0
F69: Prime Fractionnement CP
F70: Retenues :
F71: Tickets Restaurant | H71: =Données!I51*Données!J65 -> 0 | I71: 0.5 | J71: =H71*I71 -> 0
F72: Déduction TR soumis à cotisations
F73: Avantages en nature à déduire | H73: =Données!J39 -> 0 | I73: =Données!K39 -> 0 | J73: =IF(Données!L39>0,Données!L39,0) -> 0
F74: Saisie sur salaire | J74: =Données!L40 -> 0
F75: Saisie pension alimentaire | J75: =Données!L41 -> 0
F76: Avances et acomptes | J76: =Données!#REF! -> #REF!
F77: Net à payer avant prélèvement à la source | L77: =Données!#REF!-J62+SUM(J65:J69)-SUM(J71:J76) -> #REF!
F78: dont évolution de la rémunération liées à la suppression des cotisations chômage et maladie | L78: =(H37*3.15%) -> #REF!
F79: Impôt sur le revenu | I79: Base | J79: Taux personnalisé/non personnalisé | L79: Montant
F80: Impôt sur le revenu prélevé à la source | I80: =H81 -> #REF! | J80: 0 | L80: =I80*J80 -> #REF!
F81: Net imposable | H81: =Données!#REF!-(SUM(Données!H13:H31))-J62+L31 -> #REF! | J81: NET A PAYER
J82: =L77-L80 -> #REF!
I83: Allègement cotisations employeur | L83: =-L58-L57+(H34*1.8%)+(H28*6%) -> #REF!
I84: coût total employeur | L84: =SALBRUT+L62+SUM(J65:J69) -> #REF!
F85: Pour plus d'explications sur les différents termes utilisés, vous pouvez consulter le site : | K85: www.service-public.fr
F86: Conserver ce bulletin sans limitation de durée Pour la définition des termes employés se reporter aux rubriques bulletin de salaire du site internet service public.fr

Sheet CDI
F4: BULLETIN DE PAIE
F6: Employeur : | I6: Période du : 01/04/2020 | J6: au
F7: Adresse :
F9: N° SIRET : | J9: Paiement :
F10: Code APE/NAF :
F11: Convention collective :
F12: Création :
F13: Emploi : | I13: Salarié :
F14: Statut : | I14: Adresse :
F15: Classification :
F16: N° Sécuité Sociale :
F17: Contrat :
F18: Date d'embauche : | G18: =Données!I11 -> 8.3214443 | H18: Date de Sortie :
H19: Nbre heures | I19: Taux horaire | J19: Montant
F20: Salaire de base | H20: =Données!#REF! -> #REF! | I20: =Données!#REF! -> #REF! | J20: =Données!#REF! -> #REF!
F23: Heures supplémentaires 25% | H23: =Données!#REF! -> #REF! | I23: =Données!#REF! -> #REF! | J23: =H23*I23 -> #REF!
F24: Heures supplémentaires 50% | H24: =Données!#REF! -> #REF! | I24: =Données!#REF! -> #REF! | J24: =H24*I24 -> #REF!
F26: Absences jours ouvrables/non ouvrables | H26: =Données!#REF! -> #REF! | I26: =Données!#REF! -> #REF! | J26: =Données!#REF! -> #REF!
F27: SALAIRE BRUT :
F28: Santé | H28: Base | I28: Taux salarial | J28: Montant | K28: Taux Patronal | L28: Montant
F29: Maladie, maternité, invalidité, décès | H29: =Données!#REF! -> #REF! | K29: =IF(Données!#REF!<=(2.5*Données!B24),7%,13%) -> #REF! | L29: =H29*K29 -> #REF!
F30: Prévoyance non cadre (non obligatoire) | J30: =H30*I30 -> 0 | L30: =H30*K30 -> 0
F31: Complémentaire santé forfait | H31: =Données!E41 -> 0.02 | I31: =Données!F41 -> 0 | J31: =H31*I31 -> 0 | K31: =Données!G41 -> 0 | L31: =H31*K31 -> 0
F32: Accidents du travail et maladies professionnelles | H32: =Données!#REF! -> #REF! | K32: =Données!E42 -> 0 | L32: =H32*K32 -> #REF!
F34: Famille
F35: Allocations Familliales | H35: =Données!#REF! -> #REF! | K35: =IF(Données!#REF!<=(3.5*Données!B24),3.45%,5.25%) -> #REF! | L35: =H35*K35 -> #REF!
F36: Chômage
F37: Assurance chômage TA+TB | H37: =Données!#REF! -> #REF! | K37: =Données!E43 -> 0 | L37: =H37*K37 -> #REF!
F38: AGS TA+TB | H38: =Données!#REF! -> #REF! | K38: =Données!#REF! -> #REF! | L38: =H38*K38 -> #REF!
F39: Côtisations Retraite
F40: Vielliesse Plafonnée | H40: =Données!#REF! -> #REF! | I40: 0.069 | J40: =IF(Données!D37="Exonération de cotisation",0,H40*I40) -> #REF! | K40: 0.0855 | L40: =Données!#REF!*K40 -> #REF!
F41: Vielliesse Déplafonnée | H41: =Données!#REF! -> #REF! | I41: 0.004 | J41: =IF(Données!D37="Exonération de cotisation",0,H41*I41) -> #REF! | K41: 0.0202 | L41: =Données!#REF!*K41 -> #REF!
F42: Retraite T1 | H42: =Données!#REF! -> #REF! | I42: 0.0315 | J42: =IF(Données!D37="Exonération de cotisation",0,H42*I42) -> #REF! | K42: 0.0472 | L42: =Données!#REF!*K42 -> #REF!
F43: CEG (Contribution d'Equilibre Général) T1 | H43: =Données!#REF! -> #REF! | I43: 0.0086 | J43: =IF(Données!D37="Exonération de cotisation",0,H43*I43) -> #REF! | K43: 0.0129 | L43: =Données!#REF!*K43 -> #REF!
F44: Autres contributions
F45: FNAL (aide au logement) - <50 salariés | H45: =IF(Données!B36<50,Données!#REF!,0) -> 0 | K45: 0.001 | L45: =K45*H45 -> 0
F46: FNAL (aide au logement)- >=50 salariés | H46: =IF(Données!B36>=50,Données!#REF!,0) -> #REF! | K46: 0.005 | L46: =H46*K46 -> #REF!
F47: Contribution au dialogue social | H47: =Données!#REF! -> #REF! | K47: 0.00016 | L47: =H47*K47 -> #REF!
F48: Contribution solidarité Autonomie | H48: =Données!#REF! -> #REF! | K48: 0.003 | L48: =H48*K48 -> #REF!
F49: Forfait social sur les côtisations patronales de prévoyance et frais de santé >= 11 salariés | H49: =Données!#REF! -> #REF! | K49: 0.08 | L49: =IF(Données!B36>=11,H49*K49,0) -> #REF!
F50: =IF(Données!B37="Non","Taxe d'apprentissage hors Alsace Moselle","Taxe d'apprentissage Alsace Moselle") -> Taxe d'apprentissage Alsace Moselle | H50: =Données!#REF! -> #REF! | K50: =IF(Données!B37="Non",0.68%,0.44%) -> 0.0044 | L50: =H50*K50 -> #REF!
F51: =IF(Données!B36<11,"Contribution unique à la formation professionnelle entreprise <11 salariés","Contribution unique à la formation professionnelle entreprise >11 salariés") -> Contribution unique à la formation professionnelle entreprise >11 salariés | H51: 909.71 | K51: =IF(Données!B36<11,0.55%,1%) -> 0.01 | L51: =H51*K51 -> 9.0971
F52: Participation effort construction >=50 salariés | H52: 909.71 | K52: 0.01 | L52: =IF(Données!B36>=50,H52*K52,0*H52) -> 9.0971
F53: Versement transport (>=11 salariés) | H53: 909.71 | K53: 0.01 | L53: =H53*K53 -> 9.0971
F57: Allègement côtisations :
F58: Réduction Fillon | K58: =(IF(Données!#REF!<50,0.3191,0.3231)/0.6)*((1.6*(Données!B24*12)/(Données!#REF!*12))-1)% -> #REF! | L58: =-K58*(Données!#REF!*12) -> #REF!
F59: TEPA | K59: =IF(Données!B36<20,-1.5%,-0.5%) -> -0.005 | L59: =SUM(Données!#REF!)*K59 -> #REF!
F60: Réduction cotisation salariale sur HS 1,25 | H60: =Bulletin!#REF! -> #REF! | I60: 0.1131 | J60: =H60*I60 -> #REF!
F61: Réduction cotisation salariale sur HS 1,50 | H61: =Bulletin!#REF! -> #REF! | I61: 0.1131 | J61: =H61*I61 -> #REF!
F62: Sous Total : | J62: =SUM(J28:J60) -> #REF! | L62: =SUM(L28:L58) -> #REF!
F64: Primes et indemnités non soumises à cotisations
F65: Panier Repas Jour | H65: =Données!I43 -> 0 | I65: =Données!J43 -> 0 | J65: =H65*I65 -> 0
F66: Panier Repas nuit | J66: =H66*I66 -> 0
F67: Forfait repas | J67: =H67*I67 -> 0
F68: Repas frais réels | J68: =H68*I68 -> 0
F69: Prime Fractionnement CP
F70: Retenues :
F71: Tickets Restaurant | H71: =Données!I51*Données!J65 -> 0 | I71: 0.5 | J71: =H71*I71 -> 0
F72: Déduction TR soumis à cotisations
F73: Avantages en nature à déduire | H73: =Données!J39 -> 0 | I73: =Données!K39 -> 0 | J73: =IF(Données!L39>0,Données!L39,0) -> 0
F74: Saisie sur salaire | J74: =Données!L40 -> 0
F75: Saisie pension alimentaire | J75: =Données!L41 -> 0
F76: Avances et acomptes | J76: =Données!#REF! -> #REF!
F77: Net à payer avant prélèvement à la source | L77: =Données!#REF!-J62+SUM(J65:J69)-SUM(J71:J76) -> #REF!
F78: dont évolution de la rémunération liées à la suppression des cotisations chômage et maladie | L78: =(H37*3.15%) -> #REF!
F79: Impôt sur le revenu | I79: Base | J79: Taux personnalisé/non personnalisé | L79: Montant
F80: Impôt sur le revenu prélevé à la source | I80: =H81 -> #REF! | J80: 0 | L80: =I80*J80 -> #REF!
F81: Net imposable | H81: =Données!#REF!-(SUM(Données!H13:H31))-J62+L31 -> #REF! | J81: NET A PAYER
J82: =L77-L80 -> #REF!
I83: Allègement cotisations employeur | L83: =-L58-L57+(H34*1.8%)+(H28*6%) -> #REF!
I84: coût total employeur | L84: =SALBRUT+L62+SUM(J65:J69) -> #REF!
F85: Pour plus d'explications sur les différents termes utilisés, vous pouvez consulter le site : | K85: www.service-public.fr
F86: Conserver ce bulletin sans limitation de durée Pour la définition des termes employés se reporter aux rubriques bulletin de salaire du site internet service public.fr
